Workbook

Sheet MAESTRO
A1: N° | B1: PRECEDENCIA | C1: FUENTE | D1: TRATAMIENTO | E1: TRIBUNA | F1: NOMBRE COMPLETO | G1: NOMBRE | H1: APE. P. | I1: APE. M. | J1: AST. | K1: CARGO | L1: OBSERVACIONES | M1: TRIBUNA BASE | N1: DISTRIBUYE | O1: SEMAFORO | P1: ASIENTO
A2: 1 | B2: 1 | C2: OPA | D2: Su Excelencia | E2: =IF($J2="NO","",IF($M2="","",$M2)) | F2: Kast Rist, José Antonio | G2: José Antonio | H2: Kast | I2: Rist | J2: SI | K2: * Presidente de la República | M2: VIP | N2: =IF($J2="NO","NO","SI") | O2: =IF($J2="SI","🟢",IF($J2="NO","🔴","🟡")) | P2: A21
A3: 2 | B3: 2 | C3: OPA | D3: Primera Dama | E3: =IF($J3="NO","",IF($M3="","",$M3)) | F3: Adriasola Barroihet, María Pía | G3: María Pía | H3: Adriasola | I3: Barroihet | J3: SI | K3: Esposa del Presidente de la República | M3: VIP | N3: =IF($J3="NO","NO","SI") | O3: =IF($J3="SI","🟢",IF($J3="NO","🔴","🟡")) | P3: A20
A4: 3 | B4: 3 | C4: OPA | D4: Ministro | E4: =IF($J4="NO","",IF($M4="","",$M4)) | F4: Barros Tocornal, Fernando | G4: Fernando | H4: Barros | I4: Tocornal | J4: SI | K4: *Ministro de Defensa Nacional | M4: VIP | N4: =IF($J4="NO","NO","SI") | O4: =IF($J4="SI","🟢",IF($J4="NO","🔴","🟡")) | P4: A22
A5: 4 | B5: 4 | C5: OPA | D5: Almirante | E5: =IF($J5="NO","",IF($M5="","",$M5)) | F5: Cabrera Salazar, Fernando | G5: Fernando | H5: Cabrera | I5: Salazar | J5: SI | K5: *Comandante en Jefe de la Armada | M5: VIP | N5: =IF($J5="NO","NO","SI") | O5: =IF($J5="SI","🟢",IF($J5="NO","🔴","🟡")) | P5: A19
A6: 5 | B6: 5 | C6: OPA | D6: Señora | E6: =IF($J6="NO","",IF($M6="","",$M6)) | F6: Mery, Roxana | G6: Roxana | H6: Mery | I6: Casella | J6: SI | K6: Esposa del Comandante en Jefe de la Armada | M6: VIP | N6: =IF($J6="NO","NO","SI") | O6: =IF($J6="SI","🟢",IF($J6="NO","🔴","🟡")) | P6: A23
A7: 6 | B7: 6 | C7: OPA | D7: Señora | E7: =IF($J7="NO","",IF($M7="","",$M7)) | F7: Morel Montes, María Cecilia | G7: María Cecilia | H7: Morel | I7: Montes | J7: PENDIENTE | K7: Ex - Primera Dama | M7: VIP | N7: =IF($J7="NO","NO","SI") | O7: =IF($J7="SI","🟢",IF($J7="NO","🔴","🟡")) | P7: A18
A8: 7 | B8: 7 | C8: OPA | D8: Honorable Senador | E8: =IF($J8="NO","",IF($M8="","",$M8)) | F8: Núñez Urrutia, Paulina | G8: Iván | H8: Moreira | I8: Barros | J8: SI | K8: *Presidenta del Senado (Representante). | M8: VIP | N8: =IF($J8="NO","NO","SI") | O8: =IF($J8="SI","🟢",IF($J8="NO","🔴","🟡")) | P8: A24
A9: 8 | B9: 8 | C9: OPA | D9: Honorable Diputado | E9: =IF($J9="NO","",IF($M9="","",$M9)) | F9: Alessandri Vergara, Jorge | G9: Jorge | H9: Alessandri | I9: Vergara | J9: NO | K9: Presidente de la Cámara de Diputados | M9: VIP | N9: =IF($J9="NO","NO","SI") | O9: =IF($J9="SI","🟢",IF($J9="NO","🔴","🟡"))
A10: 9 | B10: 9 | C10: OPA | D10: Su Excelencia | E10: =IF($J10="NO","",IF($M10="","",$M10)) | F10: Boric Font, Gabriel | G10: Gabriel | H10: Boric | I10: Font | J10: PENDIENTE | K10: Ex Presidente de la República | M10: VIP | N10: =IF($J10="NO","NO","SI") | O10: =IF($J10="SI","🟢",IF($J10="NO","🔴","🟡")) | P10: A17
A11: 10 | B11: 10 | C11: OPA | E11: =IF($J11="NO","",IF($M11="","",$M11)) | F11: Bachelet Jeria, Michelle | G11: Michelle | H11: Bachelet | I11: Jeria | J11: PENDIENTE | K11: Ex Presidenta de la República | M11: VIP | N11: =IF($J11="NO","NO","SI") | O11: =IF($J11="SI","🟢",IF($J11="NO","🔴","🟡")) | P11: A25
A12: 11 | B12: 11 | C12: OPA | D12: Su Excelencia | E12: =IF($J12="NO","",IF($M12="","",$M12)) | F12: Lagos Escobar, Ricardo | G12: Ricardo | H12: Lagos | I12: Escobar | J12: PENDIENTE | K12: Ex Presidente de la República | M12: VIP | N12: =IF($J12="NO","NO","SI") | O12: =IF($J12="SI","🟢",IF($J12="NO","🔴","🟡")) | P12: A16
A13: 12 | B13: 12 | C13: OPA | D13: Su Excelencia | E13: =IF($J13="NO","",IF($M13="","",$M13)) | F13: Frei Ruiz-tagle, Eduardo | G13: Eduardo | H13: Frei | I13: Ruiz-tagle | J13: PENDIENTE | K13: Ex Presidente de la República | M13: VIP | N13: =IF($J13="NO","NO","SI") | O13: =IF($J13="SI","🟢",IF($J13="NO","🔴","🟡")) | P13: A26
A14: 13 | B14: 13 | C14: OPA | D14: Presidente | E14: =IF($J14="NO","",IF($M14="","",$M14)) | F14: Marzi Muñoz, Daniela | G14: Daniela | H14: Marzi | I14: Muñoz | J14: NO | K14: Presidente del Tribunal Constitucional | M14: VIP | N14: =IF($J14="NO","NO","SI") | O14: =IF($J14="SI","🟢",IF($J14="NO","🔴","🟡"))
A15: 14 | B15: 14 | C15: OPA | D15: Contralora | E15: =IF($J15="NO","",IF($M15="","",$M15)) | F15: Pérez Gutiérrez, Dorothy | G15: Dorothy | H15: Pérez | I15: Gutiérrez | J15: NO | K15: Contralora General de la República | M15: VIP | N15: =IF($J15="NO","NO","SI") | O15: =IF($J15="SI","🟢",IF($J15="NO","🔴","🟡"))
A16: 15 | B16: 15 | C16: OPA | D16: Fiscal | E16: =IF($J16="NO","",IF($M16="","",$M16)) | F16: Valencia Vásquez, Ángel | G16: Ángel | H16: Valencia | I16: Vásquez | J16: NO | K16: Fiscal Nacional del Ministerio Público | M16: VIP | N16: =IF($J16="NO","NO","SI") | O16: =IF($J16="SI","🟢",IF($J16="NO","🔴","🟡"))
A17: 16 | B17: 16 | C17: OPA | D17: Ministro | E17: =IF($J17="NO","",IF($M17="","",$M17)) | F17: Alvarado Andrade, Claudio | G17: Claudio | H17: Alvarado | I17: Andrade | J17: PENDIENTE | K17: Biministro del Interior y Secretario General de Gobierno | M17: VIP | N17: =IF($J17="NO","NO","SI") | O17: =IF($J17="SI","🟢",IF($J17="NO","🔴","🟡")) | P17: A15
A18: 17 | B18: 17 | C18: OPA | D18: Ministro | E18: =IF($J18="NO","",IF($M18="","",$M18)) | F18: Pérez Mackenna, Francisco | G18: Francisco | H18: Pérez | I18: Mackenna | J18: NO | K18: Ministro de Relaciones Exteriores | M18: VIP | N18: =IF($J18="NO","NO","SI") | O18: =IF($J18="SI","🟢",IF($J18="NO","🔴","🟡"))
A19: 18 | B19: 18 | C19: OPA | D19: Ministro | E19: =IF($J19="NO","",IF($M19="","",$M19)) | F19: Quiroz Castro, Jorge | G19: Jorge | H19: Quiroz | I19: Castro | J19: NO | K19: Ministro de Hacienda | M19: VIP | N19: =IF($J19="NO","NO","SI") | O19: =IF($J19="SI","🟢",IF($J19="NO","🔴","🟡"))
A20: 19 | B20: 19 | C20: OPA | D20: Ministro | E20: =IF($J20="NO","",IF($M20="","",$M20)) | F20: Mas Valdés, Daniel | G20: Daniel | H20: Mas | I20: Valdés | J20: NO | K20: Biministro de Minería, Economía y Turismo | M20: VIP | N20: =IF($J20="NO","NO","SI") | O20: =IF($J20="SI","🟢",IF($J20="NO","🔴","🟡"))
A21: 20 | B21: 20 | C21: OPA | D21: Ministro | E21: =IF($J21="NO","",IF($M21="","",$M21)) | F21: Arzola González, María Paz | G21: María Paz | H21: Arzola | I21: González | J21: NO | K21: Ministra de Educación | M21: VIP | N21: =IF($J21="NO","NO","SI") | O21: =IF($J21="SI","🟢",IF($J21="NO","🔴","🟡"))
A22: 21 | B22: 21 | C22: OPA | D22: Ministro | E22: =IF($J22="NO","",IF($M22="","",$M22)) | F22: De Grange Concha, Louis | G22: Louis | H22: De Grange | I22: Concha | J22: NO | K22: Biministro de Obras Publicas, Transporte y Telecomunicaciones | M22: VIP | N22: =IF($J22="NO","NO","SI") | O22: =IF($J22="SI","🟢",IF($J22="NO","🔴","🟡"))
A23: 22 | B23: 22 | C23: OPA | D23: Ministro | E23: =IF($J23="NO","",IF($M23="","",$M23)) | F23: Parot Donoso, Catalina | G23: Catalina | H23: Parot | I23: Donoso | J23: PENDIENTE | K23: Ministra de Bienes Nacionales | M23: VIP | N23: =IF($J23="NO","NO","SI") | O23: =IF($J23="SI","🟢",IF($J23="NO","🔴","🟡")) | P23: A27
A24: 23 | B24: 23 | C24: OPA | D24: Ministro | E24: =IF($J24="NO","",IF($M24="","",$M24)) | F24: Rincón González, Ximena | G24: Ximena | H24: Rincón | I24: González | J24: PENDIENTE | K24: Ministra de Energía | M24: VIP | N24: =IF($J24="NO","NO","SI") | O24: =IF($J24="SI","🟢",IF($J24="NO","🔴","🟡")) | P24: A14
A25: 24 | B25: 24 | C25: OPA | D25: Ministro | E25: =IF($J25="NO","",IF($M25="","",$M25)) | F25: Toledo Echegaray, Francisca | G25: Francisca | H25: Toledo | I25: Echegaray | J25: NO | K25: Ministra del Medio Ambiente | M25: VIP | N25: =IF($J25="NO","NO","SI") | O25: =IF($J25="SI","🟢",IF($J25="NO","🔴","🟡"))
A26: 25 | B26: 25 | C26: OPA | D26: Ministro | E26: =IF($J26="NO","",IF($M26="","",$M26)) | F26: Undurruga Gazitúa, Francisco | G26: Francisco | H26: Undurruga | I26: Gazitúa | J26: PENDIENTE | K26: Ministro de las Culturas, las Artes y el Patrimonio | M26: VIP | N26: =IF($J26="NO","NO","SI") | O26: =IF($J26="SI","🟢",IF($J26="NO","🔴","🟡")) | P26: A28
A27: 26 | B27: 26 | C27: OPA | D27: Ministro | E27: =IF($J27="NO","",IF($M27="","",$M27)) | F27: Lincolao Gates, Ximena | G27: Ximena | H27: Lincolao | I27: Gates | J27: NO | K27: Ministra de Ciencia, Tecnología, Conocimiento e Innovación | M27: VIP | N27: =IF($J27="NO","NO","SI") | O27: =IF($J27="SI","🟢",IF($J27="NO","🔴","🟡"))
A28: 27 | B28: 27 | C28: OPA | D28: Ministro | E28: =IF($J28="NO","",IF($M28="","",$M28)) | F28: Burgos Varela, Jorge | G28: Jorge | H28: Burgos | I28: Varela | J28: NO | K28: Ex Ministro de Defensa Nacional | M28: VIP | N28: =IF($J28="NO","NO","SI") | O28: =IF($J28="SI","🟢",IF($J28="NO","🔴","🟡"))
A29: 28 | B29: 28 | C29: OPA | D29: Ministro | E29: =IF($J29="NO","",IF($M29="","",$M29)) | F29: Fernández Allende, Maya | G29: Maya | H29: Fernández | I29: Allende | J29: PENDIENTE | K29: Ex Ministra de Defensa Nacional | M29: VIP | N29: =IF($J29="NO","NO","SI") | O29: =IF($J29="SI","🟢",IF($J29="NO","🔴","🟡")) | P29: A13
A30: 29 | B30: 29 | C30: OPA | D30: Ministro | E30: =IF($J30="NO","",IF($M30="","",$M30)) | F30: Delpiano Puelma, Adriana | G30: Adriana | H30: Delpiano | I30: Puelma | J30: PENDIENTE | K30: Ex Ministra de Defensa Nacional | M30: VIP | N30: =IF($J30="NO","NO","SI") | O30: =IF($J30="SI","🟢",IF($J30="NO","🔴","🟡")) | P30: A29
A31: 30 | B31: 30 | C31: OPA | D31: Excelentísima | E31: =IF($J31="NO","",IF($M31="","",$M31)) | F31: El Ghali, Kenza | G31: Kenza | H31: El Ghali | J31: NO | K31: Embajador de Marruecos | M31: VIP | N31: =IF($J31="NO","NO","SI") | O31: =IF($J31="SI","🟢",IF($J31="NO","🔴","🟡"))
A32: 31 | B32: 31 | C32: OPA | D32: Excelentísima | E32: =IF($J32="NO","",IF($M32="","",$M32)) | F32: Soares Pacheco, Paulo | G32: Paulo | H32: Soares | I32: Pacheco | J32: PENDIENTE | K32: Embajador de Brasil en Chile | M32: VIP | N32: =IF($J32="NO","NO","SI") | O32: =IF($J32="SI","🟢",IF($J32="NO","🔴","🟡")) | P32: A12
A33: 32 | B33: 32 | C33: OPA | D33: Excelentísima | E33: =IF($J33="NO","",IF($M33="","",$M33)) | F33: Qingbao, Niu | G33: Niu | H33: Qingbao | J33: PENDIENTE | K33: Embajador de la República Popular China en Chile | M33: VIP | N33: =IF($J33="NO","NO","SI") | O33: =IF($J33="SI","🟢",IF($J33="NO","🔴","🟡")) | P33: A30
A34: 33 | B34: 33 | C34: OPA | D34: Excelentísima | E34: =IF($J34="NO","",IF($M34="","",$M34)) | F34: Kotkajarvi, Johanna | G34: Johanna | H34: Kotkajarvi | J34: PENDIENTE | K34: Embajadora de Finlandia en Chile | M34: VIP | N34: =IF($J34="NO","NO","SI") | O34: =IF($J34="SI","🟢",IF($J34="NO","🔴","🟡")) | P34: A11
A35: 34 | B35: 34 | C35: OPA | D35: Excelentísima | E35: =IF($J35="NO","",IF($M35="","",$M35)) | F35: Biagiotti, Valeria | G35: Valeria | H35: Biagiotti | J35: PENDIENTE | K35: Embajadora de Italia en Chile | M35: VIP | N35: =IF($J35="NO","NO","SI") | O35: =IF($J35="SI","🟢",IF($J35="NO","🔴","🟡")) | P35: A31
A36: 35 | B36: 35 | C36: OPA | D36: Excelentísima | E36: =IF($J36="NO","",IF($M36="","",$M36)) | F36: Jae Kim, Hak | G36: Hak | H36: Jae Kim | J36: NO | K36: Embajadora de Corea en Chile | M36: VIP | N36: =IF($J36="NO","NO","SI") | O36: =IF($J36="SI","🟢",IF($J36="NO","🔴","🟡"))
A37: 36 | B37: 36 | C37: OPA | D37: Excelentísima | E37: =IF($J37="NO","",IF($M37="","",$M37)) | F37: Moreno Rodriguez, Laura | G37: Laura | H37: Moreno | I37: Rodriguez | J37: PENDIENTE | K37: Embajadora de Mexico en Chile | M37: VIP | N37: =IF($J37="NO","NO","SI") | O37: =IF($J37="SI","🟢",IF($J37="NO","🔴","🟡")) | P37: A10
A38: 37 | B38: 37 | C38: OPA | D38: Excelentísima | E38: =IF($J38="NO","",IF($M38="","",$M38)) | F38: Faurie, Jorge | G38: Jorge | H38: Faurie | J38: NO | K38: Embajador de Argentina en Chile | M38: VIP | N38: =IF($J38="NO","NO","SI") | O38: =IF($J38="SI","🟢",IF($J38="NO","🔴","🟡"))
A39: 38 | B39: 38 | C39: OPA | D39: Excelentísima | E39: =IF($J39="NO","",IF($M39="","",$M39)) | F39: Barrit Martin, Andrew James | G39: Andrew James | H39: Barrit | I39: Martin | J39: PENDIENTE | K39: Embajador de Australia en Chile | M39: VIP | N39: =IF($J39="NO","NO","SI") | O39: =IF($J39="SI","🟢",IF($J39="NO","🔴","🟡")) | P39: A32
A40: 39 | B40: 39 | C40: OPA | D40: Excelentísima | E40: =IF($J40="NO","",IF($M40="","",$M40)) | F40: Rogeau, Cyrille | G40: Cyrille | H40: Rogeau | J40: SI | K40: Embajador de Francia en Chile | M40: VIP | N40: =IF($J40="NO","NO","SI") | O40: =IF($J40="SI","🟢",IF($J40="NO","🔴","🟡")) | P40: A9
A41: 40 | B41: 40 | C41: OPA | D41: Excelentísima | E41: =IF($J41="NO","",IF($M41="","",$M41)) | F41: Courtny, Daniela | G41: Daniela | H41: Rigoli | J41: NO | K41: Embajador de Nueva Zelandia en Chile | M41: VIP | N41: =IF($J41="NO","NO","SI") | O41: =IF($J41="SI","🟢",IF($J41="NO","🔴","🟡"))
A42: 41 | B42: 41 | C42: OPA | D42: Excelentísima | E42: =IF($J42="NO","",IF($M42="","",$M42)) | F42: Ihsan Kiziltan, Ahmet | G42: Ahmet | H42: Ihsan | I42: Kiziltan | J42: SI | K42: Embajadora de Turquia en Chile | M42: VIP | N42: =IF($J42="NO","NO","SI") | O42: =IF($J42="SI","🟢",IF($J42="NO","🔴","🟡")) | P42: A33
A43: 42 | B43: 42 | C43: OPA | D43: Excelentísima | E43: =IF($J43="NO","",IF($M43="","",$M43)) | F43: Fries-gaier, Susanne | G43: Susanne | H43: Fries-gaier | J43: NO | K43: Embajadora de Alemania en Chile | M43: VIP | N43: =IF($J43="NO","NO","SI") | O43: =IF($J43="SI","🟢",IF($J43="NO","🔴","🟡"))
A44: 43 | B44: 43 | C44: OPA | D44: Excelentísima | E44: =IF($J44="NO","",IF($M44="","",$M44)) | F44: Guanumen Parra, Sebastián | G44: Sebastián | H44: Guanumen | I44: Parra | J44: SI | K44: Embajador de Colombia en Chile | M44: VIP | N44: =IF($J44="NO","NO","SI") | O44: =IF($J44="SI","🟢",IF($J44="NO","🔴","🟡")) | P44: A8
A45: 44 | B45: 44 | C45: OPA | D45: Excelentísima | E45: =IF($J45="NO","",IF($M45="","",$M45)) | F45: Guay Guay, Karolina Linda | G45: Karolina Linda | H45: Guay | I45: Guay | J45: SI | K45: Embajadora de Canadá en Chile | M45: VIP | N45: =IF($J45="NO","NO","SI") | O45: =IF($J45="SI","🟢",IF($J45="NO","🔴","🟡")) | P45: A34
A46: 45 | B46: 45 | C46: OPA | D46: Excelentísima | E46: =IF($J46="NO","",IF($M46="","",$M46)) | F46: Pollen Nilsen, Per | G46: Per | H46: Pollen | I46: Nilsen | J46: PENDIENTE | K46: Embajador de Noruega en Chile | M46: VIP | N46: =IF($J46="NO","NO","SI") | O46: =IF($J46="SI","🟢",IF($J46="NO","🔴","🟡")) | P46: A7
A47: 46 | B47: 46 | C47: OPA | D47: Excelentísima | E47: =IF($J47="NO","",IF($M47="","",$M47)) | F47: Rocanova Rodríguez, Ana Inés | G47: Ana Inés | H47: Rocanova | I47: Rodríguez | J47: NO | K47: Embajadora de la República Oriental del Uruguay en Chile | M47: VIP | N47: =IF($J47="NO","NO","SI") | O47: =IF($J47="SI","🟢",IF($J47="NO","🔴","🟡"))
A48: 47 | B48: 47 | C48: OPA | D48: Excelentísima | E48: =IF($J48="NO","",IF($M48="","",$M48)) | F48: Schaapveld E/v Merks, Elke | G48: Elke | H48: Schaapveld | I48: E/v Merks | J48: SI | K48: Embajadora de los Países Bajos en Chile | M48: VIP | N48: =IF($J48="NO","NO","SI") | O48: =IF($J48="SI","🟢",IF($J48="NO","🔴","🟡")) | P48: A35
A49: 48 | B49: 48 | C49: OPA | D49: Excelentísima | E49: =IF($J49="NO","",IF($M49="","",$M49)) | F49: Andrade Abdo, Lotty Farah | G49: Lotty Farah | H49: Andrade | I49: Abdo | J49: PENDIENTE | K49: Embajadora de Ecuador en Chile | M49: VIP | N49: =IF($J49="NO","NO","SI") | O49: =IF($J49="SI","🟢",IF($J49="NO","🔴","🟡")) | P49: A6
A50: 49 | B50: 49 | C50: OPA | D50: Excelentísima | E50: =IF($J50="NO","",IF($M50="","",$M50)) | F50: Camino Cannock, Peter | G50: Peter | H50: Camino | I50: Cannock | J50: NO | K50: Embajador de Perú en Chile | M50: VIP | N50: =IF($J50="NO","NO","SI") | O50: =IF($J50="SI","🟢",IF($J50="NO","🔴","🟡"))
A51: 50 | B51: 50 | C51: OPA | D51: Excelentísima | E51: =IF($J51="NO","",IF($M51="","",$M51)) | F51: Oroz Ulibarri, Laura | G51: Laura | H51: Oroz | I51: Ulibarri | J51: SI | K51: Embajadora de España en Chile | M51: VIP | N51: =IF($J51="NO","NO","SI") | O51: =IF($J51="SI","🟢",IF($J51="NO","🔴","🟡")) | P51: A36
A52: 51 | B52: 51 | C52: OPA | D52: Excelentísima | E52: =IF($J52="NO","",IF($M52="","",$M52)) | F52: Sone, Kenko | G52: Sone | H52: Kenko | J52: SI | K52: Embajadora de Japón en Chile | M52: VIP | N52: =IF($J52="NO","NO","SI") | O52: =IF($J52="SI","🟢",IF($J52="NO","🔴","🟡")) | P52: A5
A53: 52 | B53: 52 | C53: OPA | D53: Excelentísima | E53: =IF($J53="NO","",IF($M53="","",$M53)) | F53: Wiklund, Tomás | G53: Eva Sofia | H53: Karlberg | J53: NO | K53: Embajador del Reino de Suecia en Chile | M53: VIP | N53: =IF($J53="NO","NO","SI") | O53: =IF($J53="SI","🟢",IF($J53="NO","🔴","🟡"))
A54: 53 | B54: 53 | C54: OPA | D54: Excelentísima | E54: =IF($J54="NO","",IF($M54="","",$M54)) | F54: Judd, Brandon | G54: Brandon | H54: Judd | J54: NO | K54: Embajador de Estados Unidos de América en Chile | M54: VIP | N54: =IF($J54="NO","NO","SI") | O54: =IF($J54="SI","🟢",IF($J54="NO","🔴","🟡"))
A55: 54 | B55: 54 | C55: OPA | D55: Excelentísima | E55: =IF($J55="NO","",IF($M55="","",$M55)) | F55: Lewi, Peleg | G55: Peleg | H55: Lewi | J55: SI | K55: Embajadora de Israel en Chile | M55: VIP | N55: =IF($J55="NO","NO","SI") | O55: =IF($J55="SI","🟢",IF($J55="NO","🔴","🟡")) | P55: A37
A56: 55 | B56: 55 | C56: OPA | D56: Excelentísima | E56: =IF($J56="NO","",IF($M56="","",$M56)) | F56: Concar, David | G56: David | H56: Concar | J56: NO | K56: Embajador del Reino Unido de Gran Bretaña e Irlanda del Norte en Chile | M56: VIP | N56: =IF($J56="NO","NO","SI") | O56: =IF($J56="SI","🟢",IF($J56="NO","🔴","🟡"))
A57: 56 | B57: 56 | C57: OPA | D57: Almirante | E57: =IF($J57="NO","",IF($M57="","",$M57)) | F57: Larrañaga Martin, Enrique | G57: Enrique | H57: Larrañaga | I57: Martin | J57: NO | K57: Ex - Comandante en Jefe de la Armada | M57: VIP | N57: =IF($J57="NO","NO","SI") | O57: =IF($J57="SI","🟢",IF($J57="NO","🔴","🟡"))
A58: 57 | B58: 57 | C58: OPA | D58: Almirante | E58: =IF($J58="NO","",IF($M58="","",$M58)) | F58: Leiva Molina, Julio | G58: Julio | H58: Leiva | I58: Molina | J58: SI | K58: Ex - Comandante en Jefe de la Armada | M58: VIP | N58: =IF($J58="NO","NO","SI") | O58: =IF($J58="SI","🟢",IF($J58="NO","🔴","🟡")) | P58: A4
A59: 58 | B59: 58 | C59: OPA | D59: General | E59: =IF($J59="NO","",IF($M59="","",$M59)) | F59: Varela Sabando, Pedro | G59: Pedro | H59: Varela | I59: Sabando | J59: SI | K59: *Comandante en Jefe del Ejército | M59: VIP | N59: =IF($J59="NO","NO","SI") | O59: =IF($J59="SI","🟢",IF($J59="NO","🔴","🟡")) | P59: A38
A60: 59 | B60: 59 | C60: OPA | D60: General | E60: =IF($J60="NO","",IF($M60="","",$M60)) | F60: Rodríguez González, Hugo | G60: Miguel | H60: Stange | I60: Muñoz | J60: SI | K60: *Comandante en Jefe de la Fuerza Aérea de Chile (S) | M60: VIP | N60: =IF($J60="NO","NO","SI") | O60: =IF($J60="SI","🟢",IF($J60="NO","🔴","🟡")) | P60: A3
A61: 60 | B61: 60 | C61: OPA | D61: General Director | E61: =IF($J61="NO","",IF($M61="","",$M61)) | F61: Araya Zapata, Marcelo | G61: Marcelo | H61: Araya | I61: Zapata | J61: SI | K61: *General Director de Carabineros de Chile | M61: VIP | N61: =IF($J61="NO","NO","SI") | O61: =IF($J61="SI","🟢",IF($J61="NO","🔴","🟡")) | P61: A39
A62: 61 | B62: 61 | C62: OPA | D62: Director General | E62: =IF($J62="NO","",IF($M62="","",$M62)) | F62: Cerna Lozano, Eduardo | G62: Eduardo | H62: Cerna | I62: Lozano | J62: PENDIENTE | K62: *Director General de la Policía de Investigaciones de Chile | M62: VIP | N62: =IF($J62="NO","NO","SI") | O62: =IF($J62="SI","🟢",IF($J62="NO","🔴","🟡")) | P62: A2
A63: 62 | B63: 62 | C63: OPA | D63: Almirante | E63: =IF($J63="NO","",IF($M63="","",$M63)) | F63: Arancibia Reyes, Jorge Patricio | G63: Jorge Patricio | H63: Arancibia | I63: Reyes | J63: NO | K63: Ex - Comandante en Jefe de la Armada | M63: VIP | N63: =IF($J63="NO","NO","SI") | O63: =IF($J63="SI","🟢",IF($J63="NO","🔴","🟡"))
A64: 63 | B64: 63 | C64: OPA | D64: Almirante | E64: =IF($J64="NO","",IF($M64="","",$M64)) | F64: Vergara Villalobos, Miguel Ángel | G64: Miguel Ángel | H64: Vergara | I64: Villalobos | J64: NO | K64: Ex - Comandante en Jefe de la Armada | M64: VIP | N64: =IF($J64="NO","NO","SI") | O64: =IF($J64="SI","🟢",IF($J64="NO","🔴","🟡"))
A65: 64 | B65: 64 | C65: OPA | D65: Almirante | E65: =IF($J65="NO","",IF($M65="","",$M65)) | F65: Codina Díaz, Rodolfo | G65: Rodolfo | H65: Codina | I65: Díaz | J65: PENDIENTE | K65: Ex - Comandante en Jefe de la Armada | M65: VIP | N65: =IF($J65="NO","NO","SI") | O65: =IF($J65="SI","🟢",IF($J65="NO","🔴","🟡")) | P65: A40
A66: 65 | B66: 65 | C66: OPA | D66: Almirante | E66: =IF($J66="NO","",IF($M66="","",$M66)) | F66: González Robles, Edmundo | G66: Edmundo | H66: González | I66: Robles | J66: NO | K66: Ex - Comandante en Jefe de la Armada | M66: VIP | N66: =IF($J66="NO","NO","SI") | O66: =IF($J66="SI","🟢",IF($J66="NO","🔴","🟡"))
A67: 66 | B67: 66 | C67: OPA | D67: Señora | E67: =IF($J67="NO","",IF($M67="","",$M67)) | F67: Larrañaga Martin, Marcela | G67: Marcela | H67: Larrañaga | I67: Martin | J67: SI | K67: Madrina | M67: VIP | N67: =IF($J67="NO","NO","SI") | O67: =IF($J67="SI","🟢",IF($J67="NO","🔴","🟡")) | P67: A1
A68: 67 | B68: 67 | C68: OPA | D68: Almirante | E68: =IF($J68="NO","",IF($M68="","",$M68)) | F68: De la Maza Larraín, Juan Andrés | G68: Juan Andrés | H68: De la Maza | I68: Larraín | J68: NO | K68: Ex - Comandante en Jefe de la Armada | M68: VIP | N68: =IF($J68="NO","NO","SI") | O68: =IF($J68="SI","🟢",IF($J68="NO","🔴","🟡"))
A69: 68 | B69: 68 | C69: OPA | D69: General | E69: =IF($J69="NO","",IF($M69="","",$M69)) | F69: Romanini Gutiérrez, Leonardo | G69: Leonardo | H69: Romanini | I69: Gutiérrez | J69: SI | K69: Jefe del Estado Mayor Conjunto de las Fuerzas Armadas | M69: VIP | N69: =IF($J69="NO","NO","SI") | O69: =IF($J69="SI","🟢",IF($J69="NO","🔴","🟡")) | P69: A41
A70: 69 | B70: 69 | C70: OPA | D70: Gobernador | E70: =IF($J70="NO","",IF($M70="","",$M70)) | F70: Giacaman García, Sergio | G70: Sergio | H70: Giacaman | I70: García | J70: SI | K70: Gobernador Región Bio Bio | M70: VIP | N70: =IF($J70="NO","NO","SI") | O70: =IF($J70="SI","🟢",IF($J70="NO","🔴","🟡")) | P70: B21
A71: 70 | B71: 70 | C71: OPA | D71: Gobernador | E71: =IF($J71="NO","",IF($M71="","",$M71)) | F71: Flies Añon, Jorge | G71: Jorge | H71: Flies | I71: Añon | J71: PENDIENTE | K71: Gobernador Región de Magallanes | M71: VIP | N71: =IF($J71="NO","NO","SI") | O71: =IF($J71="SI","🟢",IF($J71="NO","🔴","🟡")) | P71: B20
A72: 71 | B72: 71 | C72: OPA | D72: Delegado Presidencial | E72: =IF($J72="NO","",IF($M72="","",$M72)) | F72: Anativia Zamora, Julio | G72: Julio | H72: Anativia | I72: Zamora | J72: SI | K72: Delegado Presidencial Región de Bio Bio | M72: VIP | N72: =IF($J72="NO","NO","SI") | O72: =IF($J72="SI","🟢",IF($J72="NO","🔴","🟡")) | P72: B22
A73: 72 | B73: 72 | C73: OPA | D73: Honorable Senador | E73: =IF($J73="NO","",IF($M73="","",$M73)) | F73: Huenchumilla Jaramillo, Francisco | G73: Francisco | H73: Huenchumilla | I73: Jaramillo | J73: NO | K73: Presidente Comisión de Defensa Nacional Cir. 11 | M73: VIP | N73: =IF($J73="NO","NO","SI") | O73: =IF($J73="SI","🟢",IF($J73="NO","🔴","🟡"))
A74: 73 | B74: 73 | C74: OPA | D74: Honorable Senador | E74: =IF($J74="NO","",IF($M74="","",$M74)) | F74: Araya Guerrero, Pedro | G74: Pedro | H74: Araya | I74: Guerrero | J74: PENDIENTE | K74: Comisión de Defensa Nacional | M74: VIP | N74: =IF($J74="NO","NO","SI") | O74: =IF($J74="SI","🟢",IF($J74="NO","🔴","🟡")) | P74: B19
A75: 74 | B75: 74 | C75: OPA | D75: Honorable Senador | E75: =IF($J75="NO","",IF($M75="","",$M75)) | F75: Flores Oporto, Camila | G75: Camila | H75: Flores | I75: Oporto | J75: PENDIENTE | K75: Comisión de Defensa Nacional | M75: VIP | N75: =IF($J75="NO","NO","SI") | O75: =IF($J75="SI","🟢",IF($J75="NO","🔴","🟡")) | P75: B23
A76: 75 | B76: 75 | C76: OPA | D76: Honorable Senador | E76: =IF($J76="NO","",IF($M76="","",$M76)) | F76: Saavedra Chandía, Gastón | G76: Gastón | H76: Saavedra | I76: Chandía | J76: SI | K76: Comisión de Defensa Nacional | M76: VIP | N76: =IF($J76="NO","NO","SI") | O76: =IF($J76="SI","🟢",IF($J76="NO","🔴","🟡")) | P76: B18
A77: 76 | B77: 76 | C77: OPA | D77: Honorable Senador | E77: =IF($J77="NO","",IF($M77="","",$M77)) | F77: Vial Maceratta, Cristián | G77: Cristián | H77: Vial | I77: Maceratta | J77: NO | K77: Comisión de Defensa Nacional | M77: VIP | N77: =IF($J77="NO","NO","SI") | O77: =IF($J77="SI","🟢",IF($J77="NO","🔴","🟡"))
A78: 77 | B78: 77 | C78: OPA | D78: Honorable Senador | E78: =IF($J78="NO","",IF($M78="","",$M78)) | F78: Edwards Silva, Rojo | G78: Rojo | H78: Edwards | I78: Silva | J78: NO | K78: Presidente de la Comisión de Desafíos del Futuro, Ciencia, Tecnología e Innovación | M78: VIP | N78: =IF($J78="NO","NO","SI") | O78: =IF($J78="SI","🟢",IF($J78="NO","🔴","🟡"))
A79: 78 | B79: 78 | C79: OPA | D79: Honorable Senador | E79: =IF($J79="NO","",IF($M79="","",$M79)) | F79: Celis Araya, Ricardo | G79: Ricardo | H79: Celis | I79: Araya | J79: NO | K79: Comisión de Desafíos del Futuro, Ciencia, Tecnología e Innovación | M79: VIP | N79: =IF($J79="NO","NO","SI") | O79: =IF($J79="SI","🟢",IF($J79="NO","🔴","🟡"))
A80: 79 | B80: 79 | C80: OPA | D80: Honorable Senador | E80: =IF($J80="NO","",IF($M80="","",$M80)) | F80: Cicardini Milla, Daniella | G80: Daniella | H80: Cicardini | I80: Milla | J80: NO | K80: Comisión de Desafíos del Futuro, Ciencia, Tecnología e Innovación | M80: VIP | N80: =IF($J80="NO","NO","SI") | O80: =IF($J80="SI","🟢",IF($J80="NO","🔴","🟡"))
A81: 80 | B81: 80 | C81: OPA | D81: Honorable Senador | E81: =IF($J81="NO","",IF($M81="","",$M81)) | F81: Cruz-coke Carvallo, Luciano | G81: Luciano | H81: Cruz-coke | I81: Carvallo | J81: NO | K81: Comisión de Desafíos del Futuro, Ciencia, Tecnología e Innovación | M81: VIP | N81: =IF($J81="NO","NO","SI") | O81: =IF($J81="SI","🟢",IF($J81="NO","🔴","🟡"))
A82: 81 | B82: 81 | C82: OPA | D82: Honorable Senador | E82: =IF($J82="NO","",IF($M82="","",$M82)) | F82: Ossandón Irarrázabal, Manuel José | G82: Manuel José | H82: Ossandón | I82: Irarrázabal | J82: NO | K82: Comisión de Desafíos del Futuro, Ciencia, Tecnología e Innovación | M82: VIP | N82: =IF($J82="NO","NO","SI") | O82: =IF($J82="SI","🟢",IF($J82="NO","🔴","🟡"))
A83: 82 | B83: 82 | C83: OPA | D83: Honorable Senador | E83: =IF($J83="NO","",IF($M83="","",$M83)) | F83: Keitel Bianchi, Sebastián | G83: Sebastián | H83: Keitel | I83: Bianchi | J83: PENDIENTE | K83: Circunscripción 10 Región Biobío | M83: VIP | N83: =IF($J83="NO","NO","SI") | O83: =IF($J83="SI","🟢",IF($J83="NO","🔴","🟡")) | P83: B24
A84: 83 | B84: 83 | C84: OPA | D84: Honorable Senador | E84: =IF($J84="NO","",IF($M84="","",$M84)) | F84: Van Rysselberghe Herrera, Enrique | G84: Enrique | H84: Van Rysselberghe | I84: Herrera | J84: SI | K84: Circunscripción 10 Región Biobío | M84: VIP | N84: =IF($J84="NO","NO","SI") | O84: =IF($J84="SI","🟢",IF($J84="NO","🔴","🟡")) | P84: B17
A85: 84 | B85: 84 | C85: OPA | D85: Honorable Senador | E85: =IF($J85="NO","",IF($M85="","",$M85)) | F85: De Urresti Longton, Alfonso | G85: Alfonso | H85: De Urresti | I85: Longton | J85: SI | K85: Senador de la República | M85: VIP | N85: =IF($J85="NO","NO","SI") | O85: =IF($J85="SI","🟢",IF($J85="NO","🔴","🟡")) | P85: B25
A86: 85 | B86: 85 | C86: OPA | D86: Honorable Senador | E86: =IF($J86="NO","",IF($M86="","",$M86)) | F86: Sanhueza Dueñas, Gustavo | G86: Gustavo | H86: Sanhueza | I86: Dueñas | J86: PENDIENTE | K86: Circunsripción Zona Ñuble | M86: VIP | N86: =IF($J86="NO","NO","SI") | O86: =IF($J86="SI","🟢",IF($J86="NO","🔴","🟡")) | P86: B16
A87: 86 | B87: 86 | C87: OPA | D87: Honorable Senador | E87: =IF($J87="NO","",IF($M87="","",$M87)) | F87: Carvajal Ambiado, Loreto | G87: Loreto | H87: Carvajal | I87: Ambiado | J87: SI | K87: Circunsripción Zona Ñuble | M87: VIP | N87: =IF($J87="NO","NO","SI") | O87: =IF($J87="SI","🟢",IF($J87="NO","🔴","🟡")) | P87: B26
A88: 87 | B88: 87 | C88: OPA | D88: Honorable Diputado | E88: =IF($J88="NO","",IF($M88="","",$M88)) | F88: Carter Fernández, Álvaro | G88: Álvaro | H88: Carter | I88: Fernández | J88: SI | K88: Presidente de la Comisión de Defensa Nacional | M88: VIP | N88: =IF($J88="NO","NO","SI") | O88: =IF($J88="SI","🟢",IF($J88="NO","🔴","🟡")) | P88: B15
A89: 88 | B89: 88 | C89: OPA | D89: Honorable Diputado | E89: =IF($J89="NO","",IF($M89="","",$M89)) | F89: Barraza Gómez, Marcos | G89: Marcos | H89: Barraza | I89: Gómez | J89: PENDIENTE | K89: Integrante de la Comisión de Defensa Nacional | M89: VIP | N89: =IF($J89="NO","NO","SI") | O89: =IF($J89="SI","🟢",IF($J89="NO","🔴","🟡")) | P89: B27
A90: 89 | B90: 89 | C90: OPA | D90: Honorable Diputado | E90: =IF($J90="NO","",IF($M90="","",$M90)) | F90: Bassa Mercado, Jaime | G90: Jaime | H90: Bassa | I90: Mercado | J90: NO | K90: Integrante de la Comisión de Defensa Nacional | M90: VIP | N90: =IF($J90="NO","NO","SI") | O90: =IF($J90="SI","🟢",IF($J90="NO","🔴","🟡"))
A91: 90 | B91: 90 | C91: OPA | D91: Honorable Diputado | E91: =IF($J91="NO","",IF($M91="","",$M91)) | F91: Brito Hasbún, Jorge | G91: Jorge | H91: Brito | I91: Hasbún | J91: PENDIENTE | K91: Integrante de la Comisión de Defensa Nacional | M91: VIP | N91: =IF($J91="NO","NO","SI") | O91: =IF($J91="SI","🟢",IF($J91="NO","🔴","🟡")) | P91: B14
A92: 91 | B92: 91 | C92: OPA | D92: Honorable Diputado | E92: =IF($J92="NO","",IF($M92="","",$M92)) | F92: Cuadrado Prats, Carlos | G92: Carlos | H92: Cuadrado | I92: Prats | J92: PENDIENTE | K92: Integrante de la Comisión de Defensa Nacional | M92: VIP | N92: =IF($J92="NO","NO","SI") | O92: =IF($J92="SI","🟢",IF($J92="NO","🔴","🟡")) | P92: B28
A93: 92 | B93: 92 | C93: OPA | D93: Honorable Diputado | E93: =IF($J93="NO","",IF($M93="","",$M93)) | F93: Kast Sommerhoff, Tomás | G93: Tomás | H93: Kast | I93: Sommerhoff | J93: PENDIENTE | K93: Integrante de la Comisión de Defensa Nacional | M93: VIP | N93: =IF($J93="NO","NO","SI") | O93: =IF($J93="SI","🟢",IF($J93="NO","🔴","🟡")) | P93: B13
A94: 93 | B94: 93 | C94: OPA | D94: Honorable Diputado | E94: =IF($J94="NO","",IF($M94="","",$M94)) | F94: Leiva Carvajal, Raúl | G94: Raúl | H94: Leiva | I94: Carvajal | J94: PENDIENTE | K94: Integrante de la Comisión de Defensa Nacional | M94: VIP | N94: =IF($J94="NO","NO","SI") | O94: =IF($J94="SI","🟢",IF($J94="NO","🔴","🟡")) | P94: B29
A95: 94 | B95: 94 | C95: OPA | D95: Honorable Diputado | E95: =IF($J95="NO","",IF($M95="","",$M95)) | F95: Marowski Cuevas, Hans | G95: Hans | H95: Marowski | I95: Cuevas | J95: PENDIENTE | K95: Integrante de la Comisión de Defensa Nacional | M95: VIP | N95: =IF($J95="NO","NO","SI") | O95: =IF($J95="SI","🟢",IF($J95="NO","🔴","🟡")) | P95: B12
A96: 95 | B96: 95 | C96: OPA | D96: Honorable Diputado | E96: =IF($J96="NO","",IF($M96="","",$M96)) | F96: Olivares Avendaño, Javier | G96: Javier | H96: Olivares | I96: Avendaño | J96: PENDIENTE | K96: Integrante de la Comisión de Defensa Nacional | M96: VIP | N96: =IF($J96="NO","NO","SI") | O96: =IF($J96="SI","🟢",IF($J96="NO","🔴","🟡")) | P96: B30
A97: 96 | B97: 96 | C97: OPA | D97: Honorable Diputado | E97: =IF($J97="NO","",IF($M97="","",$M97)) | F97: Sabat Guzmán, Omar | G97: Omar | H97: Sabat | I97: Guzmán | J97: PENDIENTE | K97: Integrante de la Comisión de Defensa Nacional | M97: VIP | N97: =IF($J97="NO","NO","SI") | O97: =IF($J97="SI","🟢",IF($J97="NO","🔴","🟡")) | P97: B11
A98: 97 | B98: 97 | C98: OPA | D98: Honorable Diputado | E98: =IF($J98="NO","",IF($M98="","",$M98)) | F98: Sánchez Ossa, Luis | G98: Luis | H98: Sánchez | I98: Ossa | J98: SI | K98: Integrante de la Comisión de Defensa Nacional | M98: VIP | N98: =IF($J98="NO","NO","SI") | O98: =IF($J98="SI","🟢",IF($J98="NO","🔴","🟡")) | P98: B31
A99: 98 | B99: 98 | C99: OPA | D99: Honorable Diputado | E99: =IF($J99="NO","",IF($M99="","",$M99)) | F99: Valenzuela Salazar, Daniel | G99: Daniel | H99: Valenzuela | I99: Salazar | J99: SI | K99: Integrante de la Comisión de Defensa Nacional | M99: VIP | N99: =IF($J99="NO","NO","SI") | O99: =IF($J99="SI","🟢",IF($J99="NO","🔴","🟡")) | P99: B10
A100: 99 | B100: 99 | C100: OPA | D100: Honorable Diputado | E100: =IF($J100="NO","",IF($M100="","",$M100)) | F100: Zamora Soto, Sebastián | G100: Sebastián | H100: Zamora | I100: Soto | J100: NO | K100: Integrante de la Comisión de Defensa Nacional | M100: VIP | N100: =IF($J100="NO","NO","SI") | O100: =IF($J100="SI","🟢",IF($J100="NO","🔴","🟡"))
...

Sheet CONTROL ASISTENCIA
A1: CONTROL ASISTENCIA - GENERAL / VIP / 3 TRIBUNAS
A3: Indicador | B3: Cantidad | C3: Fórmula/Referencia | E3: TRIBUNA | F3: TOTAL | G3: SI | H3: NO | I3: PENDIENTE | J3: DISTRIBUYE
A4: Total invitados | B4: =COUNTA(MAESTRO!$F$2:$F$716) | C4: NOMBRE COMPLETO | E4: VIP | F4: =COUNTIF(MAESTRO!$M$2:$M$716,E4) | G4: =COUNTIFS(MAESTRO!$M$2:$M$716,E4,MAESTRO!$J$2:$J$716,"SI") | H4: =COUNTIFS(MAESTRO!$M$2:$M$716,E4,MAESTRO!$J$2:$J$716,"NO") | I4: =COUNTIFS(MAESTRO!$M$2:$M$716,E4,MAESTRO!$J$2:$J$716,"PENDIENTE") | J4: =COUNTIFS(MAESTRO!$E$2:$E$716,E4,MAESTRO!$N$2:$N$716,"SI")
A5: Confirmados SI | B5: =COUNTIF(MAESTRO!$J$2:$J$716,"SI") | C5: AST. | E5: LATERAL VIP | F5: =COUNTIF(MAESTRO!$M$2:$M$716,E5) | G5: =COUNTIFS(MAESTRO!$M$2:$M$716,E5,MAESTRO!$J$2:$J$716,"SI") | H5: =COUNTIFS(MAESTRO!$M$2:$M$716,E5,MAESTRO!$J$2:$J$716,"NO") | I5: =COUNTIFS(MAESTRO!$M$2:$M$716,E5,MAESTRO!$J$2:$J$716,"PENDIENTE") | J5: =COUNTIFS(MAESTRO!$E$2:$E$716,E5,MAESTRO!$N$2:$N$716,"SI")
A6: No asisten | B6: =COUNTIF(MAESTRO!$J$2:$J$716,"NO") | C6: AST. | E6: LATERAL | F6: =COUNTIF(MAESTRO!$M$2:$M$716,E6) | G6: =COUNTIFS(MAESTRO!$M$2:$M$716,E6,MAESTRO!$J$2:$J$716,"SI") | H6: =COUNTIFS(MAESTRO!$M$2:$M$716,E6,MAESTRO!$J$2:$J$716,"NO") | I6: =COUNTIFS(MAESTRO!$M$2:$M$716,E6,MAESTRO!$J$2:$J$716,"PENDIENTE") | J6: =COUNTIFS(MAESTRO!$E$2:$E$716,E6,MAESTRO!$N$2:$N$716,"SI")
A7: Pendientes | B7: =COUNTIF(MAESTRO!$J$2:$J$716,"PENDIENTE") | C7: AST.
A8: Distribuye | B8: =COUNTIF(MAESTRO!$N$2:$N$716,"SI") | C8: AST. <> NO
A9: VIP distribuye | B9: =COUNTIFS(MAESTRO!$E$2:$E$716,"VIP",MAESTRO!$N$2:$N$716,"SI") | C9: Solo Tribuna VIP
A10: Capacidad VIP | B10: 149 | C10: Plano 149 asientos
A11: VIP sin asignar | B11: =MAX(0,B7-B8) | C11: Capacidad VIP
A15: RESUMEN POR FUENTE
A16: FUENTE | B16: TOTAL | C16: SI | D16: NO | E16: PENDIENTE | F16: VIP | G16: LATERAL VIP | H16: LATERAL
A17: ACADÉMICOS | B17: =COUNTIF(MAESTRO!$C$2:$C$716,A17) | C17: =COUNTIFS(MAESTRO!$C$2:$C$716,A17,MAESTRO!$J$2:$J$716,"SI") | D17: =COUNTIFS(MAESTRO!$C$2:$C$716,A17,MAESTRO!$J$2:$J$716,"NO") | E17: =COUNTIFS(MAESTRO!$C$2:$C$716,A17,MAESTRO!$J$2:$J$716,"PENDIENTE") | F17: =COUNTIFS(MAESTRO!$C$2:$C$716,A17,MAESTRO!$E$2:$E$716,"VIP",MAESTRO!$N$2:$N$716,"SI") | G17: =COUNTIFS(MAESTRO!$C$2:$C$716,A17,MAESTRO!$E$2:$E$716,"LATERAL VIP",MAESTRO!$N$2:$N$716,"SI") | H17: =COUNTIFS(MAESTRO!$C$2:$C$716,A17,MAESTRO!$E$2:$E$716,"LATERAL",MAESTRO!$N$2:$N$716,"SI")
A18: ASMAR | B18: =COUNTIF(MAESTRO!$C$2:$C$716,A18) | C18: =COUNTIFS(MAESTRO!$C$2:$C$716,A18,MAESTRO!$J$2:$J$716,"SI") | D18: =COUNTIFS(MAESTRO!$C$2:$C$716,A18,MAESTRO!$J$2:$J$716,"NO") | E18: =COUNTIFS(MAESTRO!$C$2:$C$716,A18,MAESTRO!$J$2:$J$716,"PENDIENTE") | F18: =COUNTIFS(MAESTRO!$C$2:$C$716,A18,MAESTRO!$E$2:$E$716,"VIP",MAESTRO!$N$2:$N$716,"SI") | G18: =COUNTIFS(MAESTRO!$C$2:$C$716,A18,MAESTRO!$E$2:$E$716,"LATERAL VIP",MAESTRO!$N$2:$N$716,"SI") | H18: =COUNTIFS(MAESTRO!$C$2:$C$716,A18,MAESTRO!$E$2:$E$716,"LATERAL",MAESTRO!$N$2:$N$716,"SI")
A19: ASMAR DIRECCIÓN | B19: =COUNTIF(MAESTRO!$C$2:$C$716,A19) | C19: =COUNTIFS(MAESTRO!$C$2:$C$716,A19,MAESTRO!$J$2:$J$716,"SI") | D19: =COUNTIFS(MAESTRO!$C$2:$C$716,A19,MAESTRO!$J$2:$J$716,"NO") | E19: =COUNTIFS(MAESTRO!$C$2:$C$716,A19,MAESTRO!$J$2:$J$716,"PENDIENTE") | F19: =COUNTIFS(MAESTRO!$C$2:$C$716,A19,MAESTRO!$E$2:$E$716,"VIP",MAESTRO!$N$2:$N$716,"SI") | G19: =COUNTIFS(MAESTRO!$C$2:$C$716,A19,MAESTRO!$E$2:$E$716,"LATERAL VIP",MAESTRO!$N$2:$N$716,"SI") | H19: =COUNTIFS(MAESTRO!$C$2:$C$716,A19,MAESTRO!$E$2:$E$716,"LATERAL",MAESTRO!$N$2:$N$716,"SI")
A20: ASMARMAG | B20: =COUNTIF(MAESTRO!$C$2:$C$716,A20) | C20: =COUNTIFS(MAESTRO!$C$2:$C$716,A20,MAESTRO!$J$2:$J$716,"SI") | D20: =COUNTIFS(MAESTRO!$C$2:$C$716,A20,MAESTRO!$J$2:$J$716,"NO") | E20: =COUNTIFS(MAESTRO!$C$2:$C$716,A20,MAESTRO!$J$2:$J$716,"PENDIENTE") | F20: =COUNTIFS(MAESTRO!$C$2:$C$716,A20,MAESTRO!$E$2:$E$716,"VIP",MAESTRO!$N$2:$N$716,"SI") | G20: =COUNTIFS(MAESTRO!$C$2:$C$716,A20,MAESTRO!$E$2:$E$716,"LATERAL VIP",MAESTRO!$N$2:$N$716,"SI") | H20: =COUNTIFS(MAESTRO!$C$2:$C$716,A20,MAESTRO!$E$2:$E$716,"LATERAL",MAESTRO!$N$2:$N$716,"SI")
A21: ASMARTALC | B21: =COUNTIF(MAESTRO!$C$2:$C$716,A21) | C21: =COUNTIFS(MAESTRO!$C$2:$C$716,A21,MAESTRO!$J$2:$J$716,"SI") | D21: =COUNTIFS(MAESTRO!$C$2:$C$716,A21,MAESTRO!$J$2:$J$716,"NO") | E21: =COUNTIFS(MAESTRO!$C$2:$C$716,A21,MAESTRO!$J$2:$J$716,"PENDIENTE") | F21: =COUNTIFS(MAESTRO!$C$2:$C$716,A21,MAESTRO!$E$2:$E$716,"VIP",MAESTRO!$N$2:$N$716,"SI") | G21: =COUNTIFS(MAESTRO!$C$2:$C$716,A21,MAESTRO!$E$2:$E$716,"LATERAL VIP",MAESTRO!$N$2:$N$716,"SI") | H21: =COUNTIFS(MAESTRO!$C$2:$C$716,A21,MAESTRO!$E$2:$E$716,"LATERAL",MAESTRO!$N$2:$N$716,"SI")
A22: ASMARVALP | B22: =COUNTIF(MAESTRO!$C$2:$C$716,A22) | C22: =COUNTIFS(MAESTRO!$C$2:$C$716,A22,MAESTRO!$J$2:$J$716,"SI") | D22: =COUNTIFS(MAESTRO!$C$2:$C$716,A22,MAESTRO!$J$2:$J$716,"NO") | E22: =COUNTIFS(MAESTRO!$C$2:$C$716,A22,MAESTRO!$J$2:$J$716,"PENDIENTE") | F22: =COUNTIFS(MAESTRO!$C$2:$C$716,A22,MAESTRO!$E$2:$E$716,"VIP",MAESTRO!$N$2:$N$716,"SI") | G22: =COUNTIFS(MAESTRO!$C$2:$C$716,A22,MAESTRO!$E$2:$E$716,"LATERAL VIP",MAESTRO!$N$2:$N$716,"SI") | H22: =COUNTIFS(MAESTRO!$C$2:$C$716,A22,MAESTRO!$E$2:$E$716,"LATERAL",MAESTRO!$N$2:$N$716,"SI")
A23: CIVILES | B23: =COUNTIF(MAESTRO!$C$2:$C$716,A23) | C23: =COUNTIFS(MAESTRO!$C$2:$C$716,A23,MAESTRO!$J$2:$J$716,"SI") | D23: =COUNTIFS(MAESTRO!$C$2:$C$716,A23,MAESTRO!$J$2:$J$716,"NO") | E23: =COUNTIFS(MAESTRO!$C$2:$C$716,A23,MAESTRO!$J$2:$J$716,"PENDIENTE") | F23: =COUNTIFS(MAESTRO!$C$2:$C$716,A23,MAESTRO!$E$2:$E$716,"VIP",MAESTRO!$N$2:$N$716,"SI") | G23: =COUNTIFS(MAESTRO!$C$2:$C$716,A23,MAESTRO!$E$2:$E$716,"LATERAL VIP",MAESTRO!$N$2:$N$716,"SI") | H23: =COUNTIFS(MAESTRO!$C$2:$C$716,A23,MAESTRO!$E$2:$E$716,"LATERAL",MAESTRO!$N$2:$N$716,"SI")
A24: INVITADOS ASMAR | B24: =COUNTIF(MAESTRO!$C$2:$C$716,A24) | C24: =COUNTIFS(MAESTRO!$C$2:$C$716,A24,MAESTRO!$J$2:$J$716,"SI") | D24: =COUNTIFS(MAESTRO!$C$2:$C$716,A24,MAESTRO!$J$2:$J$716,"NO") | E24: =COUNTIFS(MAESTRO!$C$2:$C$716,A24,MAESTRO!$J$2:$J$716,"PENDIENTE") | F24: =COUNTIFS(MAESTRO!$C$2:$C$716,A24,MAESTRO!$E$2:$E$716,"VIP",MAESTRO!$N$2:$N$716,"SI") | G24: =COUNTIFS(MAESTRO!$C$2:$C$716,A24,MAESTRO!$E$2:$E$716,"LATERAL VIP",MAESTRO!$N$2:$N$716,"SI") | H24: =COUNTIFS(MAESTRO!$C$2:$C$716,A24,MAESTRO!$E$2:$E$716,"LATERAL",MAESTRO!$N$2:$N$716,"SI")
A25: INVITADOS DGSA | B25: =COUNTIF(MAESTRO!$C$2:$C$716,A25) | C25: =COUNTIFS(MAESTRO!$C$2:$C$716,A25,MAESTRO!$J$2:$J$716,"SI") | D25: =COUNTIFS(MAESTRO!$C$2:$C$716,A25,MAESTRO!$J$2:$J$716,"NO") | E25: =COUNTIFS(MAESTRO!$C$2:$C$716,A25,MAESTRO!$J$2:$J$716,"PENDIENTE") | F25: =COUNTIFS(MAESTRO!$C$2:$C$716,A25,MAESTRO!$E$2:$E$716,"VIP",MAESTRO!$N$2:$N$716,"SI") | G25: =COUNTIFS(MAESTRO!$C$2:$C$716,A25,MAESTRO!$E$2:$E$716,"LATERAL VIP",MAESTRO!$N$2:$N$716,"SI") | H25: =COUNTIFS(MAESTRO!$C$2:$C$716,A25,MAESTRO!$E$2:$E$716,"LATERAL",MAESTRO!$N$2:$N$716,"SI")
A26: MADRINA | B26: =COUNTIF(MAESTRO!$C$2:$C$716,A26) | C26: =COUNTIFS(MAESTRO!$C$2:$C$716,A26,MAESTRO!$J$2:$J$716,"SI") | D26: =COUNTIFS(MAESTRO!$C$2:$C$716,A26,MAESTRO!$J$2:$J$716,"NO") | E26: =COUNTIFS(MAESTRO!$C$2:$C$716,A26,MAESTRO!$J$2:$J$716,"PENDIENTE") | F26: =COUNTIFS(MAESTRO!$C$2:$C$716,A26,MAESTRO!$E$2:$E$716,"VIP",MAESTRO!$N$2:$N$716,"SI") | G26: =COUNTIFS(MAESTRO!$C$2:$C$716,A26,MAESTRO!$E$2:$E$716,"LATERAL VIP",MAESTRO!$N$2:$N$716,"SI") | H26: =COUNTIFS(MAESTRO!$C$2:$C$716,A26,MAESTRO!$E$2:$E$716,"LATERAL",MAESTRO!$N$2:$N$716,"SI")
A27: MANDOS SEZONA | B27: =COUNTIF(MAESTRO!$C$2:$C$716,A27) | C27: =COUNTIFS(MAESTRO!$C$2:$C$716,A27,MAESTRO!$J$2:$J$716,"SI") | D27: =COUNTIFS(MAESTRO!$C$2:$C$716,A27,MAESTRO!$J$2:$J$716,"NO") | E27: =COUNTIFS(MAESTRO!$C$2:$C$716,A27,MAESTRO!$J$2:$J$716,"PENDIENTE") | F27: =COUNTIFS(MAESTRO!$C$2:$C$716,A27,MAESTRO!$E$2:$E$716,"VIP",MAESTRO!$N$2:$N$716,"SI") | G27: =COUNTIFS(MAESTRO!$C$2:$C$716,A27,MAESTRO!$E$2:$E$716,"LATERAL VIP",MAESTRO!$N$2:$N$716,"SI") | H27: =COUNTIFS(MAESTRO!$C$2:$C$716,A27,MAESTRO!$E$2:$E$716,"LATERAL",MAESTRO!$N$2:$N$716,"SI")
A28: MILITARES | B28: =COUNTIF(MAESTRO!$C$2:$C$716,A28) | C28: =COUNTIFS(MAESTRO!$C$2:$C$716,A28,MAESTRO!$J$2:$J$716,"SI") | D28: =COUNTIFS(MAESTRO!$C$2:$C$716,A28,MAESTRO!$J$2:$J$716,"NO") | E28: =COUNTIFS(MAESTRO!$C$2:$C$716,A28,MAESTRO!$J$2:$J$716,"PENDIENTE") | F28: =COUNTIFS(MAESTRO!$C$2:$C$716,A28,MAESTRO!$E$2:$E$716,"VIP",MAESTRO!$N$2:$N$716,"SI") | G28: =COUNTIFS(MAESTRO!$C$2:$C$716,A28,MAESTRO!$E$2:$E$716,"LATERAL VIP",MAESTRO!$N$2:$N$716,"SI") | H28: =COUNTIFS(MAESTRO!$C$2:$C$716,A28,MAESTRO!$E$2:$E$716,"LATERAL",MAESTRO!$N$2:$N$716,"SI")
... A35: PROVEEDORES | B35: =COUNTIF(MAESTRO!$C$2:$C$716,A35) | C35: =COUNTIFS(MAESTRO!$C$2:$C$716,A35,MAESTRO!$J$2:$J$716,"SI") | D35: =COUNTIFS(MAESTRO!$C$2:$C$716,A35,MAESTRO!$J$2:$J$716,"NO") | E35: =COUNTIFS(MAESTRO!$C$2:$C$716,A35,MAESTRO!$J$2:$J$716,"PENDIENTE") | F35: =COUNTIFS(MAESTRO!$C$2:$C$716,A35,MAESTRO!$E$2:$E$716,"VIP",MAESTRO!$N$2:$N$716,"SI") | G35: =COUNTIFS(MAESTRO!$C$2:$C$716,A35,MAESTRO!$E$2:$E$716,"LATERAL VIP",MAESTRO!$N$2:$N$716,"SI") | H35: =COUNTIFS(MAESTRO!$C$2:$C$716,A35,MAESTRO!$E$2:$E$716,"LATERAL",MAESTRO!$N$2:$N$716,"SI")

Sheet DISTRIBUCION VIP
A1: DISTRIBUCIÓN VIP - 149 ASIENTOS / CENTRO PROTOCOLAR A21
A2: Criterio: solo TRIBUNA VIP con AST. distinto de NO. Orden por PRECEDENCIA. Centro fijo A21.
A4: FILA A | B4: A1 | C4: A2 | D4: A3 | E4: A4 | F4: A5 | G4: A6 | H4: A7 | I4: A8 | J4: A9 | K4: A10 | L4: A11 | M4: A12 | N4: A13 | O4: A14 | P4: A15 | Q4: A16 | R4: A17 | S4: A18 | T4: A19 | U4: A20 | V4: A21 | W4: A22 | X4: A23 | Y4: A24 | Z4: A25 | AA4: A26 | AB4: A27 | AC4: A28 | AD4: A29 | AE4: A30 | AF4: A31 | AG4: A32 | AH4: A33 | AI4: A34 | AJ4: A35 | AK4: A36 | AL4: A37 | AM4: A38 | AN4: A39 | AO4: A40 | AP4: A41
B5: (66) Marcela Larrañaga | C5: (61) Eduardo Cerna | D5: (59) Hugo Rodríguez | E5: (57) Julio Leiva | F5: (51) Kenko Sone | G5: (48) Lotty Andrade | H5: (45) Per Pollen | I5: (43) Sebastián Guanumen | J5: (39) Cyrille Rogeau | K5: (36) Laura Moreno | L5: (33) Johanna Kotkajarvi | M5: (31) Paulo Soares | N5: (28) Maya Fernández | O5: (23) Ximena Rincón | P5: (16) Claudio Alvarado | Q5: (11) Ricardo Lagos | R5: (9) Gabriel Boric | S5: (6) María Morel | T5: (4) Fernando Cabrera | U5: (2) María Adriasola | V5: (1) José Kast | W5: (3) Fernando Barros | X5: (5) Roxana Mery | Y5: (7) Paulina Núñez | Z5: (10) Michelle Bachelet | AA5: (12) Eduardo Frei | AB5: (22) Catalina Parot | AC5: (25) Francisco Undurruga | AD5: (29) Adriana Delpiano | AE5: (32) Niu Qingbao | AF5: (34) Valeria Biagiotti | AG5: (38) Andrew Barrit | AH5: (41) Ahmet Ihsan | AI5: (44) Karolina Guay | AJ5: (47) Elke Schaapveld | AK5: (50) Laura Oroz | AL5: (54) Peleg Lewi | AM5: (58) Pedro Varela | AN5: (60) Marcelo Araya | AO5: (64) Rodolfo Codina | AP5: (68) Leonardo Romanini
A8: FILA B | B8: B1 | C8: B2 | D8: B3 | E8: B4 | F8: B5 | G8: B6 | H8: B7 | I8: B8 | J8: B9 | K8: B10 | L8: B11 | M8: B12 | N8: B13 | O8: B14 | P8: B15 | Q8: B16 | R8: B17 | S8: B18 | T8: B19 | U8: B20 | V8: B21 | W8: B22 | X8: B23 | Y8: B24 | Z8: B25 | AA8: B26 | AB8: B27 | AC8: B28 | AD8: B29 | AE8: B30 | AF8: B31 | AG8: B32 | AH8: B33 | AI8: B34 | AJ8: B35 | AK8: B36 | AL8: B37 | AM8: B38 | AN8: B39 | AO8: B40 | AP8: B41
B9: (119) Lilian Betancurt | C9: (117) Marlene Pérez | D9: (115) Francesca Muñoz | E9: (113) Sergio Bobadilla | F9: (111) Gael Yeomans | G9: (109) Consuelo Veloso | H9: (107) Diego Schalper | I9: (104) José Montalva | J9: (101) Patricio Briones | K9: (98) Daniel Valenzuela | L9: (96) Omar Sabat | M9: (94) Hans Marowski | N9: (92) Tomás Kast | O9: (90) Jorge Brito | P9: (87) Álvaro Carter | Q9: (85) Gustavo Sanhueza | R9: (83) Enrique Van | S9: (75) Gastón Saavedra | T9: (73) Pedro Araya | U9: (70) Jorge Flies | V9: (69) Sergio Giacaman | W9: (71) Julio Anativia | X9: (74) Camila Flores | Y9: (82) Sebastián Keitel | Z9: (84) Alfonso De | AA9: (86) Loreto Carvajal | AB9: (88) Marcos Barraza | AC9: (91) Carlos Cuadrado | AD9: (93) Raúl Leiva | AE9: (95) Javier Olivares | AF9: (97) Luis Sánchez | AG9: (100) Daniel Manouchehri | AH9: (103) Cristóbal Martínez | AI9: (105) Cristian Neira | AJ9: (108) Daniela Serrano | AK9: (110) Gonzalo Winter | AL9: (112) Roberto Arroyo | AM9: (114) Paz Charpentier | AN9: (116) Álvaro Ortíz | AO9: (118) José Rivas | AP9: (120) Joanna Pérez
A12: FILA C | B12: C1 | C12: C2 | D12: C3 | E12: C4 | F12: C5 | G12: C6 | H12: C7 | I12: C8 | J12: C9 | K12: C10 | L12: C11 | M12: C12 | N12: C13 | O12: C14 | P12: C15 | Q12: C16 | R12: C17 | S12: C18 | T12: C19 | U12: C20 | V12: C21 | W12: C22 | X12: C23 | Y12: C24 | Z12: C25 | AA12: C26 | AB12: C27 | AC12: C28 | AD12: C29 | AE12: C30 | AF12: C31 | AG12: C32 | AH12: C33 | AI12: C34 | AJ12: C35 | AK12: C36 | AL12: C37 | AM12: C38 | AN12: C39 | AO12: C40 | AP12: C41
B13: (191) Claudio Bunster | C13: (189) Jorge Pires | D13: (187) Henry Cleveland | E13: (185) Mario Farren | F13: (182) Pedro Ramirez | G13: (179) Vladimir Recabarren | H13: (177) Constanza Pérez | I13: (168) Francisco Alcorta | J13: (164) Vicente Leiva | K13: (160) Matias Pérez | L13: (158) Constanza Leiva | M13: (155) Pablo Lira | N13: (153) Javier Coopman | O13: (146) José Llodrá | P13: (141) Fernando Hentzschel | Q13: (137) Santiago Browne | R13: (135) José Mujica | S13: (131) Julio Cacho | T13: (126) Christian Bolívar | U13: (123) Flor Weisse | V13: (122) Cristóbal Urruticoechea | W13: (125) Rodrigo Álvarez | X13: (130) Rafael Araos | Y13: (134) Catalina Ugarte | Z13: (136) Elizabeth Zapata | AA13: (140) Carla Coronado | AB13: (145) José Gómez | AC13: (147) Andrés López | AD13: (154) Bárbara Carvajal | AE13: (157) Alejandro Irarrázabal | AF13: (159) Marcela Leiva | AG13: (163) Eugenio Cornejo | AH13: (167) Cecy Quijada | AI13: (170) Sebastian Jerez | AJ13: (178) José Jarpa | AK13: (181) José Piña | AL13: (184) Ronald Ruf | AM13: (186) Katherine Ampuero | AN13: (188) Álvaro Vera | AO13: (190) Joao Costa | AP13: (192) Gino Casassa
A16: FILA D | B16: D1 | C16: D2 | D16: D3 | E16: D4 | F16: D5 | G16: D6 | H16: D7 | I16: D8 | J16: D9 | K16: D10 | L16: D11 | M16: D12 | N16: D13 | O16: D14 | P16: D15 | Q16: D16 | R16: D17 | S16: D18 | T16: D19 | U16: D20 | V16: D21 | W16: D22 | X16: D23 | Y16: D24 | Z16: D25 | AA16: D26 | AB16: D27 | AC16: D28 | AD16: D29 | AE16: D30 | AF16: D31 | AG16: D32 | AH16: D33 | AI16: D34 | AJ16: D35 | AK16: D36 | AL16: D37 | AM16: D38 | AN16: D39 | AO16: D40 | AP16: D41
B17: (220) Oscar Manzano | C17: (218) Daniel Muñoz | D17: (216) Arturo Oxley | E17: (214) Mauricio Arenas | F17: (211) Renzo Miccono | G17: (209) Carlos Basáez | H17: (207) Alvaro Ananías | I17: (205) Marcela Cartagena | J17: (203) María Tapia | K17: (200) Rodrigo Wainraight | L17: (198) Eduardo Saavedra | M17: (196) Héctor Muñoz | N17: (193) Rafael Cabrera | O17: CAM / LIBRE | P17: CAM / LIBRE | Q17: CAM / LIBRE | R17: CAM / LIBRE | S17: CAM / LIBRE | T17: CAM / LIBRE | U17: CAM / LIBRE | V17: CAM / LIBRE | W17: CAM / LIBRE | X17: CAM / LIBRE | Y17: CAM / LIBRE | Z17: CAM / LIBRE | AA17: CAM / LIBRE | AB17: CAM / LIBRE | AC17: CAM / LIBRE | AD17: (195) Jeannette Reveco | AE17: (197) Miguel Rivera | AF17: (199) Carla Amtmann | AG17: (202) Claudio Radonich | AH17: (204) Pablo Zavala | AI17: (206) Claudio Andrade | AJ17: (208) Oscar Rivera | AK17: (210) Claudia Chamorro | AL17: (213) Raúl Zamorano | AM17: (215) César Delgado | AN17: (217) Juan Marín | AO17: (219) José Hernández | AP17: (221) José Pájaro
A22: LISTADO PROTOCOLAR VIP
A23: ASIENTO | B23: PRECEDENCIA | C23: N° | D23: FUENTE | E23: TRATAMIENTO | F23: NOMBRE COMPLETO | G23: CARGO | H23: AST. | I23: OBS.
A24: A21 | B24: 1 | C24: 1 | D24: OPA | E24: Su Excelencia | F24: Kast Rist, José Antonio | G24: * Presidente de la República | H24: SI
A25: A20 | B25: 2 | C25: 2 | D25: OPA | E25: Primera Dama | F25: Adriasola Barroihet, María Pía | G25: Esposa del Presidente de la República | H25: SI
A26: A22 | B26: 3 | C26: 3 | D26: OPA | E26: Ministro | F26: Barros Tocornal, Fernando | G26: *Ministro de Defensa Nacional | H26: SI
A27: A19 | B27: 4 | C27: 4 | D27: OPA | E27: Almirante | F27: Cabrera Salazar, Fernando | G27: *Comandante en Jefe de la Armada | H27: SI
A28: A23 | B28: 5 | C28: 5 | D28: OPA | E28: Señora | F28: Mery, Roxana | G28: Esposa del Comandante en Jefe de la Armada | H28: SI
A29: A18 | B29: 6 | C29: 6 | D29: OPA | E29: Señora | F29: Morel Montes, María Cecilia | G29: Ex - Primera Dama | H29: PENDIENTE
A30: A24 | B30: 7 | C30: 7 | D30: OPA | E30: Honorable Senador | F30: Núñez Urrutia, Paulina | G30: *Presidenta del Senado (Representante). | H30: SI
A31: A17 | B31: 9 | C31: 9 | D31: OPA | E31: Su Excelencia | F31: Boric Font, Gabriel | G31: Ex Presidente de la República | H31: PENDIENTE
A32: A25 | B32: 10 | C32: 10 | D32: OPA | F32: Bachelet Jeria, Michelle | G32: Ex Presidenta de la República | H32: PENDIENTE
A33: A16 | B33: 11 | C33: 11 | D33: OPA | E33: Su Excelencia | F33: Lagos Escobar, Ricardo | G33: Ex Presidente de la República | H33: PENDIENTE
A34: A26 | B34: 12 | C34: 12 | D34: OPA | E34: Su Excelencia | F34: Frei Ruiz-tagle, Eduardo | G34: Ex Presidente de la República | H34: PENDIENTE
A35: A15 | B35: 16 | C35: 16 | D35: OPA | E35: Ministro | F35: Alvarado Andrade, Claudio | G35: Biministro del Interior y Secretario General de Gobierno | H35: PENDIENTE
A36: A27 | B36: 22 | C36: 22 | D36: OPA | E36: Ministro | F36: Parot Donoso, Catalina | G36: Ministra de Bienes Nacionales | H36: PENDIENTE
A37: A14 | B37: 23 | C37: 23 | D37: OPA | E37: Ministro | F37: Rincón González, Ximena | G37: Ministra de Energía | H37: PENDIENTE
A38: A28 | B38: 25 | C38: 25 | D38: OPA | E38: Ministro | F38: Undurruga Gazitúa, Francisco | G38: Ministro de las Culturas, las Artes y el Patrimonio | H38: PENDIENTE
A39: A13 | B39: 28 | C39: 28 | D39: OPA | E39: Ministro | F39: Fernández Allende, Maya | G39: Ex Ministra de Defensa Nacional | H39: PENDIENTE
A40: A29 | B40: 29 | C40: 29 | D40: OPA | E40: Ministro | F40: Delpiano Puelma, Adriana | G40: Ex Ministra de Defensa Nacional | H40: PENDIENTE
A41: A12 | B41: 31 | C41: 31 | D41: OPA | E41: Excelentísima | F41: Soares Pacheco, Paulo | G41: Embajador de Brasil en Chile | H41: PENDIENTE
A42: A30 | B42: 32 | C42: 32 | D42: OPA | E42: Excelentísima | F42: Qingbao, Niu | G42: Embajador de la República Popular China en Chile | H42: PENDIENTE
A43: A11 | B43: 33 | C43: 33 | D43: OPA | E43: Excelentísima | F43: Kotkajarvi, Johanna | G43: Embajadora de Finlandia en Chile | H43: PENDIENTE
A44: A31 | B44: 34 | C44: 34 | D44: OPA | E44: Excelentísima | F44: Biagiotti, Valeria | G44: Embajadora de Italia en Chile | H44: PENDIENTE
... A111: C18 | B111: 131 | C111: 131 | D111: OPA | E111: Vicealmirante | F111: Cacho Morán, Julio | G111: *Jefe del Estado Mayor de la Armada de Perú | H111: SI
A112: C24 | B112: 134 | C112: 134 | D112: OPA | F112: Ugarte Millán, Catalina | G112: Jefe Gabinete Precidencial | H112: PENDIENTE
A113: C17 | B113: 135 | C113: 135 | D113: OPA | E113: Presidente | F113: Mujica Castro, José Ignacio | G113: Vicepresidente Corfo | H113: SI
A114: C25 | B114: 136 | C114: 136 | D114: OPA | E114: Señor | F114: Zapata González, Elizabeth | G114: Directora Desarrollo Tecnológico Corfo y Directora Ejecutiva Comité de Construcción Naval | H114: SI
A115: C16 | B115: 137 | C115: 137 | D115: OPA | F115: Browne Hurtado, Santiago | G115: Gerente de Asuntos Estratégicos (s) de Corfo | H115: SI
A116: C26 | B116: 140 | C116: 140 | D116: OPA | F116: Coronado, Carla | G116: Asesora Ministerio Consejo Directivo de Construcción Naval | H116: PENDIENTE
A117: C15 | B117: 141 | C117: 141 | D117: OPA | F117: Hentzschel, Fernando | G117: Gerente de Capacidades Tecnológicas Consejo Directivo de Construcción Naval | H117: PENDIENTE
A118: C27 | B118: 145 | C118: 145 | D118: OPA | F118: Gómez, José Pablo | G118: Dirección de Presupuesto | H118: PENDIENTE
A119: C14 | B119: 146 | C119: 146 | D119: OPA | E119: Señor | F119: Llodrá Vial, José Ignacio | G119: Subdirector de Racionalización y Función Pública | H119: PENDIENTE
A120: C28 | B120: 147 | C120: 147 | D120: OPA | E120: Señor | F120: López Lara, Andrés | G120: Director Instituto Antártico Chileno | H120: PENDIENTE
A121: C13 | B121: 153 | C121: 153 | D121: OPA | E121: Ministro | F121: Coopman Corral, Javier | G121: Jefe Gabinete Ministro de Defensa | H121: PENDIENTE
A122: C29 | B122: 154 | C122: 154 | D122: OPA | E122: Subsecretario | F122: Carvajal Madariaga, Bárbara | G122: Jefa de Gabinete Subsecretario para las FF.AA. | H122: PENDIENTE
A123: C12 | B123: 155 | C123: 155 | D123: OPA | E123: Subsecretario | F123: Lira, Pablo | G123: Jefe Gabinete Subsecretario de Defensa | H123: PENDIENTE
A124: C30 | B124: 157 | C124: 157 | D124: OPA | F124: Irarrázabal Alfonso, Alejandro | G124: Jefe Asesor Presidencial | H124: PENDIENTE
A125: C11 | B125: 158 | C125: 158 | D125: OPA | F125: Leiva Larrañaga, Constanza | G125: T2 RNY | H125: SI
A126: C31 | B126: 159 | C126: 159 | D126: OPA | F126: Leiva Larrañaga, Marcela Paz | G126: Hija Madrina | H126: SI
A127: C10 | B127: 160 | C127: 160 | D127: OPA | F127: Pérez Cruz, Matias | G127: Gerenete Perezcruz | H127: SI
A128: C32 | B128: 163 | C128: 163 | D128: OPA | E128: Señor | F128: Cornejo, Eugenio | G128: Presidente Mutual de Seguros de Chile | H128: SI
A129: C9 | B129: 164 | C129: 164 | D129: OPA | E129: Señor | F129: Leiva Larrañaga, Vicente | G129: Hijo Madrina | H129: SI
A130: C33 | B130: 167 | C130: 167 | D130: OPA | E130: Señora | F130: Quijada Pérez, Cecy Sirena | G130: Esposa del Jefe estado mayor de la Armada de Perú. | H130: SI
A131: C8 | B131: 168 | C131: 168 | D131: OPA | E131: Señor | F131: Alcorta, Francisco | G131: Asesor politico estrategico MINDEF | H131: PENDIENTE
A132: C34 | B132: 170 | C132: 170 | D132: OPA | E132: Señor | F132: Jerez, Sebastian | G132: Gerente General Farmacia Cruz Verde | H132: PENDIENTE
A133: C7 | B133: 177 | C133: 177 | D133: OPA | E133: Señora | F133: Pérez, Constanza | G133: Asesora Económica MINDEF | H133: PENDIENTE
A134: C35 | B134: 178 | C134: 178 | D134: OPA/ASMAR | E134: Capitán de Navío RL | F134: Jarpa Parada, José Fernando | G134: Jefe del Servicio Religioso de la Armada | H134: SI
A135: C6 | B135: 179 | C135: 179 | D135: OPA/ASMAR | E135: Capellán Evangélico | F135: Recabarren Esparza, Vladimir | G135: Capellán Nacional Evangélico de la Armada | H135: SI
A136: C36 | B136: 181 | C136: 181 | D136: OPA/ASMAR | E136: Seremi | F136: Piña Faúndez, José Eduardo | G136: Seremi Obras Públicas | H136: PENDIENTE
A137: C5 | B137: 182 | C137: 182 | D137: OPA/ASMAR | E137: Seremi | F137: Ramirez Glade, Pedro | G137: Seremi de Ciencia, Tecnologías, Conocimidento e Innovación | H137: SI
A138: C37 | B138: 184 | C138: 184 | D138: OPA/ASMAR | E138: Seremi | F138: Ruf Wilkomirsky, Ronald | G138: Seremi de Hacienda | H138: SI
A139: C4 | B139: 185 | C139: 185 | D139: OPA/ASMAR | E139: BANCOS | F139: Farren Risopatrón, Mario | G139: Presidente Banco Estado | H139: PENDIENTE
... A156: D33 | B156: 204 | C156: 204 | D156: OPA/CIVILES | E156: Presidente | F156: Zavala Fernández, Pablo | G156: Presidente de la Ilustrísima Corte de Apelaciones de Concepción | H156: SI
A157: D8 | B157: 205 | C157: 205 | D157: OPA/CIVILES | F157: Cartagena Ramos, Marcela | G157: Fiscal Regional de Concepción | H157: SI
A158: D34 | B158: 206 | C158: 206 | D158: OPA/CIVILES | F158: Andrade Otarola, Claudio | G158: Director Regional de la Agencia Nacional de Inteligencia | H158: SI
A159: D7 | B159: 207 | C159: 207 | D159: OPA/CIVILES | F159: Ananías Itaim, Alvaro | G159: Presidernte de la Cámara de Producción y Comercio del Bio Bio | H159: SI
A160: D35 | B160: 208 | C160: 208 | D160: OPA/CIVILES | F160: Rivera Marin, Oscar | G160: Director Regional de Obras Portuarias | H160: PENDIENTE
A161: D6 | B161: 209 | C161: 209 | D161: OPA/CIVILES | F161: Basáez Valdebenito, Carlos | G161: Contralor Regional Bio Bio | H161: SI
A162: D36 | B162: 210 | C162: 210 | D162: OPA/CIVILES | F162: Chamorro Contreras, Claudia | G162: Jefe VIII Región Policial Bío Bío | H162: SI
A163: D5 | B163: 211 | C163: 211 | D163: OPA/MILITAR | E163: General | F163: Miccono Villablanca, Renzo | G163: Jefe VIII Zona de Carabineros BIOBÍO | H163: SI
A164: D37 | B164: 213 | C164: 213 | D164: OPA/MILITAR | E164: Vicealmirante | F164: Zamorano Goñi, Raúl | G164: Jefe del Estado Mayor General de la Armada | H164: SI
A165: D4 | B165: 214 | C165: 214 | D165: OPA/MILITAR | E165: Vicealmirante | F165: Arenas Menares, Mauricio | G165: Directo General del Personal de la Armada | H165: SI
A166: D38 | B166: 215 | C166: 215 | D166: OPA/MILITAR | E166: Vicealmirante | F166: Delgado Boffil, César | G166: Director General de los Servicios de la Armada | H166: SI
A167: D3 | B167: 216 | C167: 216 | D167: OPA/MILITAR | E167: Vicealmirante | F167: Oxley Lizana, Arturo | G167: Director General del Territorio Marítimo y de Marina Mercante | H167: SI
A168: D39 | B168: 217 | C168: 217 | D168: OPA/MILITAR | E168: Vicealmirante | F168: Marín Fernández, Juan Pablo | G168: Subjefe del Estado Mayor Conjunto | H168: SI
A169: D2 | B169: 218 | C169: 218 | D169: OPA/MILITAR | E169: Vicealmirante | F169: Muñoz Miranda, Daniel | G169: *Comandante de Operaciones Navales | H169: SI
A170: D40 | B170: 219 | C170: 219 | D170: OPA/MILITAR | E170: Contraalmirante | F170: Hernández Jacir, José Miguel | G170: Director de Astilleros y Maestranzas de la Armada | H170: SI
A171: D1 | B171: 220 | C171: 220 | D171: OPA/MILITAR | E171: Contraalmirante | F171: Manzano Sanguineti, Oscar | G171: Director de Recuperaciones de Unidades de la Armada | H171: SI
A172: D41 | B172: 221 | C172: 221 | D172: OPA/MILITAR | E172: Contraalmirante | F172: Pájaro Márquez, José Agustín | G172: Director de Operaciones del Estado Mayor General de la Armada | H172: SI

Sheet SIN ASIGNAR
A1: N° | B1: Precedencia | C1: Fuente | D1: Tratamiento | E1: Tribuna | F1: Nombre Completo | G1: AST. | H1: Cargo | I1: Motivo
A2: 222 | B2: 222 | C2: OPA/MILITAR | D2: Contraalmirante | E2: VIP | F2: Acevedo Pérez, Edgardo | G2: SI | H2: *Comandante en Jefe de la Segunda Zona Naval | I2: Sin asiento VIP: excede capacidad 149
A3: 223 | B3: 223 | C3: OPA/MILITAR | D3: Contraalmirante | E3: VIP | F3: Saelzer Concha, Federico | G3: SI | H3: *Comandante en Jefe de la Fuerza de Submarinos | I3: Sin asiento VIP: excede capacidad 149
A4: 224 | B4: 224 | C4: OPA/MILITAR | D4: Señora | E4: VIP | F4: Arrieta Figueroa, Claudia | G4: SI | H4: Esposa Comandante en Jefe de la Fuerza de Submarinos | I4: Sin asiento VIP: excede capacidad 149
A5: 225 | B5: 225 | C5: OPA/MILITAR | D5: Contraalmirante IM | E5: VIP | F5: Opazo Riquelme, Daniel | G5: SI | H5: *Comandante General del Cuerpo de Infantería de Marina | I5: Sin asiento VIP: excede capacidad 149
A6: 226 | B6: 226 | C6: OPA/MILITAR | D6: Contraalmirante | E6: VIP | F6: Guerrero García, Alberto | G6: SI | H6: Director de Programas, Investigación y Desarrollo de la Armada | I6: Sin asiento VIP: excede capacidad 149
A7: 227 | B7: 227 | C7: OPA/MILITAR | D7: Contraalmirante | E7: VIP | F7: Muñoz Cabrera, Claudio | G7: SI | H7: Contralor de la Armada | I7: Sin asiento VIP: excede capacidad 149
A8: 228 | B8: 228 | C8: OPA/MILITAR | D8: Contraalmirante AB | E8: VIP | F8: Fort Santander, Marcel | G8: SI | H8: Director de finanzaas de la Armada. | I8: Sin asiento VIP: excede capacidad 149
A9: 229 | B9: 229 | C9: OPA/MILITAR | D9: Contraalmirante | E9: VIP | F9: Torres Horton, Alejandro | G9: SI | H9: SUBMAYOR Consejo Superior ASMAR | I9: Sin asiento VIP: excede capacidad 149
A10: 230 | B10: 230 | C10: OPA/MILITAR | D10: Contraalmirante | E10: VIP | F10: Mendez Tapia, Juan Cristobal | G10: SI | H10: DIRISNAV Consejo Superior ASMAR | I10: Sin asiento VIP: excede capacidad 149
A11: 231 | B11: 231 | C11: OPA/MILITAR | D11: Comodoro | E11: VIP | F11: Valenzuea Azócar, Rene | G11: SI | H11: Secretario General de la Armada | I11: Sin asiento VIP: excede capacidad 149
A12: 232 | B12: 232 | C12: OPA/MILITAR | D12: Comodoro AB | E12: VIP | F12: Vidal Berrocal, Jorge | G12: SI | H12: DABA Consejo Superior ASMAR | I12: Sin asiento VIP: excede capacidad 149
A13: 233 | B13: 233 | C13: OPA/MILITAR | D13: General de Brigada | E13: VIP | F13: Espinoza Villalobos, Luis | G13: PENDIENTE | H13: Representante Ejército Consejo Superior ASMAR | I13: Sin asiento VIP: excede capacidad 149
... A29: 259 | B29: 259 | C29: MADRINA | D29: Presidente | E29: VIP | F29: Paulmann , Holger | G29: PENDIENTE | H29: Presidente ICARE | I29: Sin asiento VIP: excede capacidad 149
A30: 260 | B30: 260 | C30: MADRINA | E30: VIP | F30: Álvarez P., Mónica | G30: PENDIENTE | H30: Vicepresidenta ICARE | I30: Sin asiento VIP: excede capacidad 149
A31: 261 | B31: 261 | C31: MADRINA | D31: Rector | E31: VIP | F31: Corona S., Renzo | G31: PENDIENTE | H31: Director Tesorero ICARE | I31: Sin asiento VIP: excede capacidad 149
A32: 287 | B32: 287 | C32: INVITADOS DGSA | D32: Rector | E32: VIP | F32: Dagá Kunze, Joaquin | G32: PENDIENTE | H32: Director General de Obras Públicas | I32: Sin asiento VIP: excede capacidad 149
A33: 290 | B33: 290 | C33: INVITADOS DGSA | D33: Capitán de Fragata | E33: VIP | F33: Morais , Nelson | G33: PENDIENTE | H33: MFG PoN Program Office representative Armada de Portugal | I33: Sin asiento VIP: excede capacidad 149
A34: 297 | B34: 297 | C34: INVITADOS DGSA | E34: VIP | F34: Gonzalez Lorenzo, David | G34: SI | H34: Gerente General Puerto Huachipato | I34: Sin asiento VIP: excede capacidad 149
A35: 301 | B35: 301 | C35: CIVILES | D35: Señor | E35: VIP | F35: Tampier Brockhaus, Gonzalo | G35: SI | H35: Director de Desarrrollo e Innovación Universidad Austral - Comité CORFO | I35: Sin asiento VIP: excede capacidad 149
A36: 306 | B36: 306 | C36: MILITARES | D36: Capitán de Navío | E36: VIP | F36: Pereyra Barbieri, Roberto | G36: SI | H36: Comandante del Comando Anfibio y de Transportes Navales | I36: Sin asiento VIP: excede capacidad 149
A37: 314 | B37: 314 | C37: MILITARES | D37: Capitán de Navío | E37: VIP | F37: Pulleghini Flores, Alessandro | G37: SI | H37: Edecán SEPRE | I37: Sin asiento VIP: excede capacidad 149
A38: 315 | B38: 315 | C38: MILITARES | D38: Capitán de Fragata | E38: VIP | F38: Berg Aldoney, Pablo | G38: SI | H38: AYUDORALM | I38: Sin asiento VIP: excede capacidad 149
A39: 317 | B39: 317 | C39: MILITARES | D39: Capitán de Navío | E39: VIP | F39: Marambio Taylor, Christian | G39: SI | H39: Edecan Presidente del Senado | I39: Sin asiento VIP: excede capacidad 149
A40: 318 | B40: 318 | C40: MILITARES | D40: Capitán de Fragata | E40: VIP | F40: Opazo Rojas, Joaquín | G40: SI | H40: Ayudor MINDEF | I40: Sin asiento VIP: excede capacidad 149
A41: 319 | B41: 319 | C41: MILITARES | D41: Capitán de Fragata | E41: VIP | F41: González Otero, Luis | G41: SI | H41: Ayudor VA peruano | I41: Sin asiento VIP: excede capacidad 149
A42: 341 | B42: 341 | C42: MILITARES | D42: Contraalmirante | E42: VIP | F42: Pasquel Meléndez, Victor | G42: PENDIENTE | H42: Agregado Naval de México | I42: Sin asiento VIP: excede capacidad 149
A43: 395 | B43: 395 | C43: INVITADOS ASMAR | D43: Señora | E43: VIP | F43: Krakman , Karen | G43: SI | H43: Consul Países Bajos Concepción | I43: Sin asiento VIP: excede capacidad 149
A44: 396 | B44: 396 | C44: INVITADOS ASMAR | D44: Presidente | E44: VIP | F44: Fisher , Alvaro | G44: PENDIENTE | H44: Presidente del Consejo Nacional de Innovación para el Desarrollo (CNID) | I44: Sin asiento VIP: excede capacidad 149
A45: 397 | B45: 397 | C45: INVITADOS ASMAR | E45: VIP | F45: Fuster Roa, Marcelo | G45: PENDIENTE | H45: Gerente General Corporativo ASIMET A.G. - Comité CORFO | I45: Sin asiento VIP: excede capacidad 149
A46: 398 | B46: 398 | C46: INVITADOS ASMAR | D46: Presidente | E46: VIP | F46: García , Fernando | G46: PENDIENTE | H46: Presidente ASIMET A.G. | I46: Sin asiento VIP: excede capacidad 149
A47: 402 | B47: 402 | C47: INVITADOS ASMAR | D47: BANCOS | E47: VIP | F47: Donoso Smith, Camilo | G47: SI | H47: Gerente Sucursal Las Salinas de Banco Edwards | I47: Sin asiento VIP: excede capacidad 149
A48: 412 | B48: 412 | C48: INVITADOS ASMAR | D48: BANCOS | E48: VIP | F48: Matte Larraín, Bernardo | G48: PENDIENTE | H48: Vicepresidente Banco BICE | I48: Sin asiento VIP: excede capacidad 149
A49: 425 | B49: 425 | C49: INVITADOS ASMAR | D49: SEGUROS | E49: VIP | F49: Foley , Peter | G49: PENDIENTE | H49: Gerente General Lockton Seguros | I49: Sin asiento VIP: excede capacidad 149
A50: 427 | B50: 427 | C50: INVITADOS ASMAR | D50: SEGUROS | E50: VIP | F50: Martínez Fernández, Patricio | G50: SI | H50: Gerente General Mutual de Seguros de Chile | I50: Sin asiento VIP: excede capacidad 149
A51: 431 | B51: 431 | C51: INVITADOS ASMAR | E51: VIP | F51: Bagnara , Manuel | G51: PENDIENTE | H51: Gerente General en ARMASUR A.G. - Comité CORFO | I51: Sin asiento VIP: excede capacidad 149
A52: 439 | B52: 439 | C52: INVITADOS ASMAR | D52: Rector | E52: VIP | F52: Sabag Villalobos, Jorge | G52: PENDIENTE | H52: Presidente Directorio EFE Sur | I52: Sin asiento VIP: excede capacidad 149
A53: 442 | B53: 442 | C53: INVITADOS ASMAR | E53: VIP | F53: Salas , Juan Pablo | G53: PENDIENTE | H53: Gerente General Astillero ASCON Socio fundador | I53: Sin asiento VIP: excede capacidad 149
A54: 443 | B54: 443 | C54: INVITADOS ASMAR | E54: VIP | F54: Aravena , Manuel | G54: PENDIENTE | H54: Socio fundador Astillero ASCON | I54: Sin asiento VIP: excede capacidad 149
A55: 444 | B55: 444 | C55: INVITADOS ASMAR | D55: Señora | E55: VIP | F55: Gavilán Ortiz, Milka | G55: SI | H55: Comité CORFO - Presidenta Sindicato ASMAR | I55: Sin asiento VIP: excede capacidad 149
A56: 453 | B56: 453 | C56: INVITADOS ASMAR | D56: Contraalmirante | E56: VIP | F56: Varela Jenschke, Joaquin | G56: SI | H56: Ex Gerente Corporativo de Construcción Naval | I56: Sin asiento VIP: excede capacidad 149
A57: 466 | B57: 466 | C57: INVITADOS ASMAR | D57: Señor | E57: VIP | F57: Cardoen Cornejo, Carlos | G57: SI | H57: Invitado Especial Director ASMAR | I57: Sin asiento VIP: excede capacidad 149
A58: 467 | B58: 467 | C58: INVITADOS ASMAR | D58: Señor | E58: VIP | F58: Cardoen Aylwin, Rodrigo | G58: SI | H58: Invitado Especial Director ASMAR | I58: Sin asiento VIP: excede capacidad 149
A59: 468 | B59: 468 | C59: INVITADOS ASMAR | D59: Vicealmirante | E59: VIP | F59: Gantes Young, Cristian | G59: SI | H59: Invitado Especial Director ASMAR | I59: Sin asiento VIP: excede capacidad 149
A60: 472 | B60: 472 | C60: INVITADOS ASMAR | D60: Vicealmirante | E60: VIP | F60: Fernández Morales, José Luis | G60: PENDIENTE | H60: Invitado Especial Director ASMAR | I60: Sin asiento VIP: excede capacidad 149
A61: 475 | B61: 475 | C61: INVITADOS ASMAR | D61: Contraalmirante | E61: VIP | F61: Davanzo Hyslop, Jorge | G61: SI | H61: Invitado Especial Director ASMAR | I61: Sin asiento VIP: excede capacidad 149
A62: 481 | B62: 481 | C62: INVITADOS ASMAR | E62: VIP | F62: Vergara , Cristian | G62: SI | H62: Gerente General ESSBIO | I62: Sin asiento VIP: excede capacidad 149
A63: 482 | B63: 482 | C63: INVITADOS ASMAR | E63: VIP | F63: Schmohl , Peter | G63: PENDIENTE | H63: Gerente Zonal ESSBIO | I63: Sin asiento VIP: excede capacidad 149
A64: 483 | B64: 483 | C64: INVITADOS ASMAR | E64: VIP | F64: Fernández , David | G64: PENDIENTE | H64: Gerente General CIDERE | I64: Sin asiento VIP: excede capacidad 149
A65: 484 | B65: 484 | C65: INVITADOS ASMAR | D65: Señor | E65: VIP | F65: Donoso , Nelson | G65: SI | H65: Presidente IRADE | I65: Sin asiento VIP: excede capacidad 149
A66: 485 | B66: 485 | C66: INVITADOS ASMAR | D66: Señora | E66: VIP | F66: Roa Astete, Bernardita | G66: SI | H66: Gerente General IRADE | I66: Sin asiento VIP: excede capacidad 149
A67: 490 | B67: 490 | C67: INVITADOS ASMAR | D67: Rector | E67: VIP | F67: Riffo , Ximena | G67: PENDIENTE | H67: Directora Ejecutiva (s) CORFO BioBio | I67: Sin asiento VIP: excede capacidad 149
A68: 502 | B68: 502 | C68: INVITADOS ASMAR | D68: Señor | E68: VIP | F68: Sotomayor , Francisco | G68: SI | H68: CEO GL Events Chile | I68: Sin asiento VIP: excede capacidad 149
A69: 503 | B69: 503 | C69: INVITADOS ASMAR | D69: Capitán de Fragata (R) | E69: VIP | F69: Lobo , Rodrigo | G69: SI | H69: Director de Relaciones Institucionales y Desarrollo de Negocios GL Events Chile | I69: Sin asiento VIP: excede capacidad 149
A70: 505 | B70: 505 | C70: INVITADOS ASMAR | D70: Rector | E70: VIP | F70: Bachur Melcher, Christian | G70: PENDIENTE | H70: Director Regional CGE | I70: Sin asiento VIP: excede capacidad 149
A71: 512 | B71: 512 | C71: INVITADOS ASMAR | D71: Rector | E71: VIP | F71: Castillo , Marcelo | G71: PENDIENTE | H71: Presidente Directorio ENEL Chile | I71: Sin asiento VIP: excede capacidad 149
A72: 513 | B72: 513 | C72: INVITADOS ASMAR | E72: VIP | F72: Palumbo , Gianluca | G72: PENDIENTE | H72: Gerente General ENEL Chile | I72: Sin asiento VIP: excede capacidad 149
A73: 515 | B73: 515 | C73: INVITADOS ASMAR | E73: VIP | F73: Iglesias Hurtubia, Miguel | G73: PENDIENTE | H73: Gerente General de ENERGY ASSET | I73: Sin asiento VIP: excede capacidad 149
A74: 516 | B74: 516 | C74: PROVEEDORES | D74: Rector | E74: VIP | F74: Kossmann , Hans | G74: PENDIENTE | H74: Presidente Directorio ASENAV | I74: Sin asiento VIP: excede capacidad 149
A75: 517 | B75: 517 | C75: PROVEEDORES | E75: VIP | F75: Rodríguez , Fernando | G75: SI | H75: Gerente General ASENAV | I75: Sin asiento VIP: excede capacidad 149
A76: 521 | B76: 521 | C76: PROVEEDORES | D76: Capitán de Navío (R) | E76: VIP | F76: Hederra Pinto, Francisco | G76: SI | H76: Gerente General SISDEF | I76: Sin asiento VIP: excede capacidad 149
A77: 529 | B77: 529 | C77: PROVEEDORES | D77: Señor | E77: VIP | F77: Mutschler Castillo, Jorge | G77: SI | H77: Gerente General Sociedad Comercial Equipos Industriales S.A. INDUELECTRO | I77: Sin asiento VIP: excede capacidad 149
A78: 530 | B78: 530 | C78: PROVEEDORES | E78: VIP | F78: Mutschler , Roberta | G78: SI | H78: Subgerente General Sociedad Comercial Equipos Industriales S.A. INDUELECTRO | I78: Sin asiento VIP: excede capacidad 149
A79: 532 | B79: 532 | C79: PROVEEDORES | E79: VIP | F79: Fauré Cañas, José Luis | G79: SI | H79: Gerente General CODELPA S.A. | I79: Sin asiento VIP: excede capacidad 149
A80: 533 | B80: 533 | C80: PROVEEDORES | E80: VIP | F80: Iturriaga González, Pedro | G80: SI | H80: Gerente General PROINGAS S.A. | I80: Sin asiento VIP: excede capacidad 149
A81: 535 | B81: 535 | C81: PROVEEDORES | D81: Rector | E81: VIP | F81: Rodriguez , Roberto | G81: SI | H81: Director General IBERCISA DECK Machinery S.A. | I81: Sin asiento VIP: excede capacidad 149
A82: 537 | B82: 537 | C82: PROVEEDORES | D82: Capitán de Navío (R) | E82: VIP | F82: Chellew Daydi, Sidney | G82: SI | H82: Gerente General SOCIBER | I82: Sin asiento VIP: excede capacidad 149
A83: 540 | B83: 540 | C83: PROVEEDORES | E83: VIP | F83: Van Mourik , Gise | G83: SI | H83: Gerente Ventas, Wärtsilä Marine | I83: Sin asiento VIP: excede capacidad 149
A84: 545 | B84: 545 | C84: PROVEEDORES | E84: VIP | F84: Almendra , Iván | G84: PENDIENTE | H84: Gerente Zona Sur B. Bosch | I84: Sin asiento VIP: excede capacidad 149
A85: 546 | B85: 546 | C85: PROVEEDORES | D85: Presidente | E85: VIP | F85: Gamundi Fernández, Javier | G85: PENDIENTE | H85: Presidente FRIZONIA | I85: Sin asiento VIP: excede capacidad 149
A86: 547 | B86: 547 | C86: PROVEEDORES | E86: VIP | F86: González , Carlos | G86: SI | H86: CEO FRIZONIA Regrigeración, climatización .S.L. | I86: Sin asiento VIP: excede capacidad 149
A87: 548 | B87: 548 | C87: PROVEEDORES | D87: Presidente | E87: VIP | F87: Fernández Goberna, Patricio | G87: SI | H87: Presidente Industrias Ferri S.A. | I87: Sin asiento VIP: excede capacidad 149
A88: 549 | B88: 549 | C88: PROVEEDORES | E88: VIP | F88: Fernández Félix, Marisela | G88: PENDIENTE | H88: Desarrollo de Negocios Industrias Ferri S.A. | I88: Sin asiento VIP: excede capacidad 149
A89: 552 | B89: 552 | C89: PROVEEDORES | E89: VIP | F89: Sánchez de Pablo , Daniel | G89: PENDIENTE | H89: Executive Vicepresident SP Consultores y Servicios | I89: Sin asiento VIP: excede capacidad 149
A90: 553 | B90: 553 | C90: PROVEEDORES | E90: VIP | F90: Llago Hermida, Antonio José | G90: PENDIENTE | H90: CEO GABADI | I90: Sin asiento VIP: excede capacidad 149
A91: 554 | B91: 554 | C91: PROVEEDORES | E91: VIP | F91: Guerrero Salgado, Pablo | G91: SI | H91: COO GABADI | I91: Sin asiento VIP: excede capacidad 149
A92: 555 | B92: 555 | C92: PROVEEDORES | E92: VIP | F92: David Monsen, Atle | G92: PENDIENTE | H92: Sales and marketing KONGSBERG MARITIME AS | I92: Sin asiento VIP: excede capacidad 149
A93: 556 | B93: 556 | C93: PROVEEDORES | E93: VIP | F93: Danchev Ivanov, Ivan | G93: PENDIENTE | H93: Project Manager KONGSBERG MARITIME AS | I93: Sin asiento VIP: excede capacidad 149
A94: 557 | B94: 557 | C94: PROVEEDORES | E94: VIP | F94: Catanzato , Benedetto | G94: PENDIENTE | H94: CEO MELCAL SpA | I94: Sin asiento VIP: excede capacidad 149
A95: 558 | B95: 558 | C95: PROVEEDORES | E95: VIP | F95: Apolo , Daniele | G95: PENDIENTE | H95: Project Manager MELCAL SpA | I95: Sin asiento VIP: excede capacidad 149
A96: 559 | B96: 559 | C96: PROVEEDORES | E96: VIP | F96: Ullbro , Björn | G96: PENDIENTE | H96: CEO de EVAC Group | I96: Sin asiento VIP: excede capacidad 149
A97: 560 | B97: 560 | C97: PROVEEDORES | E97: VIP | F97: Chen , Li | G97: PENDIENTE | H97: Project Manager de EVAC Group | I97: Sin asiento VIP: excede capacidad 149
A98: 561 | B98: 561 | C98: PROVEEDORES | E98: VIP | F98: Lange , Dirk | G98: PENDIENTE | H98: Senior Project Manager Damen Marine Components | I98: Sin asiento VIP: excede capacidad 149
A99: 563 | B99: 563 | C99: PROVEEDORES | E99: VIP | F99: Zimmermann , Tobias | G99: PENDIENTE | H99: Technical Project Manager KARL DOSE GmbH | I99: Sin asiento VIP: excede capacidad 149
... A107: 582 | B107: 582 | C107: PROVEEDORES | E107: VIP | F107: Fernández Mizgier, Alvaro | G107: SI | H107: Naviera Canales Australes SpA | I107: Sin asiento VIP: excede capacidad 149
A108: 583 | B108: 583 | C108: PROVEEDORES | D108: Rector | E108: VIP | F108: De La Cueva , Juan | G108: PENDIENTE | H108: Director Comercial NAVANTIA | I108: Sin asiento VIP: excede capacidad 149
A109: 584 | B109: 584 | C109: PROVEEDORES | D109: Almte. | E109: VIP | F109: Romero Caramelo, Javier | G109: SI | H109: Director de Gabinete Presidente- Líder de la Delegacion de NAVANTIA | I109: Sin asiento VIP: excede capacidad 149
A110: 585 | B110: 585 | C110: PROVEEDORES | E110: VIP | F110: López , Aaron | G110: PENDIENTE | H110: Ex Country Manager NAVANTIA | I110: Sin asiento VIP: excede capacidad 149
A111: 586 | B111: 586 | C111: PROVEEDORES | D111: Presidente | E111: VIP | F111: Domínguez , Ricardo | G111: PENDIENTE | H111: Presidente NAVANTIA | I111: Sin asiento VIP: excede capacidad 149
A112: 587 | B112: 587 | C112: PROVEEDORES | D112: Presidente | E112: VIP | F112: Dobarro Rubido, Eduardo | G112: SI | H112: Vicepresidente Negocio de Fragatas y Buques de Intervención NAVANTIA | I112: Sin asiento VIP: excede capacidad 149
A113: 588 | B113: 588 | C113: PROVEEDORES | D113: Rector | E113: VIP | F113: Menéndez Gómez, Pablo | G113: SI | H113: Director Comercial América, NAVANTIA | I113: Sin asiento VIP: excede capacidad 149
A114: 589 | B114: 589 | C114: PROVEEDORES | D114: Rector | E114: VIP | F114: Mateo , Gonzalo | G114: PENDIENTE | H114: Director NAVANTIA | I114: Sin asiento VIP: excede capacidad 149
A115: 591 | B115: 591 | C115: PROVEEDORES | D115: Rector | E115: VIP | F115: Fernández , Pablo | G115: SI | H115: Director Corporativo Grupo Fernandez Jove | I115: Sin asiento VIP: excede capacidad 149
A116: 593 | B116: 593 | C116: PROVEEDORES | E116: VIP | F116: Álvarez Ordoñez, Federico | G116: PENDIENTE | H116: Gerente Comercial División Marina GHENOVA | I116: Sin asiento VIP: excede capacidad 149
A117: 596 | B117: 596 | C117: PROVEEDORES | E117: VIP | F117: Bacigalupo Falcón, Héctor | G117: PENDIENTE | H117: Gerente General SONAPESCA | I117: Sin asiento VIP: excede capacidad 149
A118: 597 | B118: 597 | C118: ASMAR | D118: Capitán de Navío | E118: VIP | F118: Callejas Quiróz, Juan | G118: SI | H118: Administrador ASMAR(M) | I118: Sin asiento VIP: excede capacidad 149
A119: 598 | B119: 598 | C119: ASMAR | D119: Capitán de Navío | E119: VIP | F119: Illanes Guerra, Sebastián | G119: SI | H119: Administrador ASMAR(V) | I119: Sin asiento VIP: excede capacidad 149
A120: 599 | B120: 599 | C120: ASMAR | D120: Capitán de Navío | E120: VIP | F120: Castillo Vallejos, Rafael | G120: SI | H120: Admistrador ASMAR (T) | I120: Sin asiento VIP: excede capacidad 149
A121: 600 | B121: 600 | C121: ASMAR DIRECCIÓN | D121: Capitán de Navío | E121: VIP | F121: Makray Baylaucq, Luis | G121: SI | H121: Subdirector ASMAR | I121: Sin asiento VIP: excede capacidad 149
A122: 601 | B122: 601 | C122: ASMAR DIRECCIÓN | D122: Capitán de Navío (R) | E122: VIP | F122: Terrazas Michell, Jorge | G122: SI | H122: Secretario General | I122: Sin asiento VIP: excede capacidad 149
...

Sheet LISTAS
A1: LISTAS Y PARÁMETROS
A3: ASISTENCIA | C3: TRIBUNAS | E3: FUENTES | G3: FUENTES OPA | I3: CAPACIDAD VIP
A4: SI | C4: VIP | E4: ACADÉMICOS | G4: OPA | I4: 149 asientos
A5: NO | C5: LATERAL VIP | E5: ASMAR | G5: OPA/ASMAR | I5: Centro A21
A6: PENDIENTE | C6: LATERAL | E6: ASMAR DIRECCIÓN | G6: OPA/CIVILES | I6: Fila D centro reservado camarógrafos
E7: ASMARMAG | G7: OPA/DGSA
E8: ASMARTALC | G8: OPA/MILITAR
E9: ASMARVALP
E10: CIVILES
E11: INVITADOS ASMAR
E12: INVITADOS DGSA
E13: MADRINA
E14: MANDOS SEZONA
E15: MILITARES
E16: OPA
E17: OPA/ASMAR
E18: OPA/CIVILES
E19: OPA/DGSA
E20: OPA/MILITAR
... E22: PROVEEDORES
